 Dungeon Crawl Stone Soup version 0.30.0-20-g3615ddf2f0 (webtiles) character file.

Game seed: 13087452250174224387

256776 qw the Peltast (level 20, -5/120 HPs)
             Began as a Gargoyle Fighter on May 29, 2023.
             Was a High Priest of Okawaru.
             Slain by a hellephant (8 damage)
             ... on level 2 of the Abyss.
             The game lasted 00:21:56 (38347 turns).

qw the Peltast (Gargoyle Fighter)                  Turns: 38347, Time: 00:21:57

Health: -5/120     AC: 55    Str: 35    XL:     20   Next: 24%
Magic:  27/27      EV: 20    Int: 14    God:    Okawaru [*****.]
Gold:   1048       SH: 24    Dex: 13    Spells: 19/19 levels left

rFire   + + .        u - +4 broad axe of Dias {heavy, rN+ Int+4}
rCold   + + .        t - +1 tower shield {AC+3}
rNeg    + + +        f - +8 chain mail "Timel" {rC+}
rPois   inf          K - +2 helmet
rElec   +            h - +2 cloak
rCorr   +            J - -1 pair of gloves "Solar" {rF+ Str+5 SInv}
SInv    +            j - +0 pair of boots "Fecsiuro" {+Blink rN+ Str+4 Stlth-}
Will    +....        y - amulet of faith Stlth
                     e - +5 ring of evasion
HPRegen 0.40/turn    l - +4 ring of protection
MPRegen 0.20/turn

%: faith
@: about to teleport, resistant, heroic, flying
A: sickness immunity, AC +15, big wings, negative energy resistance 1,
electricity resistance, torment resistance 1, petrification resistance, agile 1,
frail 1, screaming 1
}: 1/15 runes: serpentine
a: Renounce Religion, Evoke Blink, Heroism, Finesse, Duel


You were on level 2 of the Abyss.
You worshipped Okawaru.
Okawaru was extremely pleased with you.
You visited 7 branches of the dungeon, and saw 33 of its levels.
You visited the Abyss 1 time.
You also visited: Gauntlet.

You collected 4571 gold pieces.
You spent 3523 gold pieces at shops.


Innate Abilities, Weirdness & Mutations

You are immune to sickness and miasma.
Your stone body is resilient. (AC +15)
You are immune to poison.
Your large and strong wings let you fly.
You resist negative energy. (rN+)
You are resistant to electric shocks. (rElec)
You are resistant to unholy torment.
You are immune to petrification.
You are agile. (Dex +4, Str/Int -1)
You are frail. (-10% HP)
You occasionally shout uncontrollably at your foes.


   Skills:
 + Level 17.3(22.3) Fighting
 - Level 18.0(23.0) Axes
 - Level 10.0(15.0) Throwing
 - Level 14.0(19.0) Armour
 - Level 7.0(12.0) Dodging
 - Level 19.4(24.4) Shields
 - Level 10.0 Invocations


You had 19 spell levels left.
You didn't know any spells.
Your spell library was empty.

Inventory:

Hand Weapons
 u - the +4 broad axe of Dias (weapon) {heavy, rN+ Int+4}
   (You found it on level 7 of the Dungeon)

   Int:       It affects your intelligence (+4).
   rN:        It protects you from negative energy.
Missiles
 r - 16 javelins
 s - 20 boomerangs
 G - 3 boomerangs of dispersal
 I - a silver javelin (quivered)
Armour
 f - the +8 chain mail "Timel" (worn) {rC+}
   (You found it on level 15 of the Dungeon)

   rC:        It protects you from cold.
 h - a +2 cloak (worn)
 j - the +0 pair of boots "Fecsiuro" (worn) {+Blink rN+ Str+4 Stlth-}
   (You found it on level 15 of the Dungeon)

   Str:       It affects your strength (+4).
   rN:        It protects you from negative energy.
   +Blink:    It lets you blink.
   Stlth:     It makes you less stealthy.
 t - a +1 tower shield of protection (worn)
 J - the -1 pair of gloves "Solar" (worn) {rF+ Str+5 SInv}
   (Okawaru gifted it to you on level 14 of the Dungeon)

   Str:       It affects your strength (+5).
   rF:        It protects you from fire.
   SInv:      It lets you see invisible.
 K - a +2 helmet (worn)
Jewellery
 e - a +5 ring of evasion (left hand)
 l - a +4 ring of protection (right hand)
 n - a ring of fire
 p - a ring of protection from cold
 x - a ring of fire
 y - an amulet of faith (around neck)
 z - the amulet of the Distant Future {Reflect -Tele rF+++ Will+ Str+2 SH+5}
   (You took it off a minotaur in a Gauntlet)

   [amulet of reflection]

   It reflects blocked missile attacks.
   Str:       It affects your strength (+2).
   rF:        It renders you almost immune to fire.
   -Tele:     It prevents most forms of teleportation.
   SH:        It affects your SH (+5).
   Will:      It increases your willpower.
 D - the ring of Lisuces {*Corrode rPois rC+ Will+ Dex+2}
   (You found it in a Gauntlet)

   [ring of willpower]

   Dex:       It affects your dexterity (+2).
   rC:        It protects you from cold.
   rPois:     It protects you from poison.
   *Corrode:  It may corrode you when you take damage.
   Will:      It increases your willpower.
 F - a ring of resist corrosion
 M - an amulet of reflection
 O - a ring of protection from cold
Wands
 a - a wand of digging (21)
Scrolls
 c - a scroll of enchant armour
 o - 17 scrolls of identify
 w - 9 scrolls of enchant weapon
 A - 6 scrolls of teleportation
 H - a scroll of brand weapon
Potions
 b - 8 potions of heal wounds
 d - 4 potions of might
 g - 11 potions of mutation
 i - 5 potions of attraction
 k - 2 potions of cancellation
 m - 4 potions of haste
 q - 2 potions of resistance
 v - 7 potions of curing
 B - 4 potions of magic
 L - 4 potions of lignification

Dungeon Overview and Level Annotations

Branches:
Dungeon (15/15)            Temple (1/1) D:4            Lair (5/5) D:11
  Swamp (3/4) Lair:3        Snake (4/4) Lair:3        Slime (0/5) Lair:5
    Orc (2/2) D:11            Elf (0/3) Orc:2        Vaults (3/5) D:13
  Crypt (0/3) Vaults:3     Depths (0/4) D:15        Gauntlet (visited)

Altars:
Ashenzari
Cheibriados
Dithmenos
Elyvilon
Fedhas
Gozag
Hepliaklqana
Kikubaaqudgha
Makhleb
Nemelex Xobeh
Okawaru
Qazlal
Ru
Sif Muna
Trog
Uskayaw
Vehumet
Wu Jian
Xom
Yredelemnul
Zin
The Shining One

Shops:
D:3 :(*:!   D:6 ((   D:11 (   D:12 *   Orc:1 !   Orc:2 [*==[   Snake:2 :
Snake:3 *([=   Snake:4 :

Portals:
Abyss: Snake:4

Annotations:
D:4 1 runed translucent door, Crazy Yiuf
D:6 1 runed translucent door, qw's ghost, novice GrFi
Lair:5 1 runed translucent door
Swamp:1 3 runed translucent doors, qw's ghost, adept GrFi
Snake:4 2 transporters
Orc:2 1 runed translucent door, qw's ghost, journeyman GrFi


Message History

You hear a shout!
You block the hellephant's attack.
The hellephant bites you but does no damage.
You block the hellephant's attack.
You closely miss the hellephant.
The hellephant is severely wounded.
You block the hellephant's attack. x2
The hellephant gores you but does no damage.
You closely miss the hellephant.
The hellephant is severely wounded.
The hellephant breathes flames at you. The blast of flame hits you!!
You resist.
You slice the hellephant!!
The hellephant is almost dead.
The hellephant barely misses you. You block the hellephant's attack. x2
You slash the hellephant!
The hellephant is almost dead.
You block the hellephant's attack. x2
The hellephant gores you but does no damage.
You hit the hellephant but do no damage.
The hellephant is almost dead.
The hellephant tramples you but does no damage.
The hellephant completely misses you.
The hellephant gores you but does no damage.
An ufetubus comes into view.
You slash the hellephant!
The hellephant is almost dead.
The hellephant blinks!
You hit the hellephant.
The hellephant is almost dead.
The hellephant tramples you.
You are shoved backwards!
The hellephant breathes flames at you. The blast of flame hits you!!
You resist.
38347 ||| READING 7 scrolls of teleportation.
As you read the scroll of teleportation, it crumbles to dust.
You feel strangely unstable.
You feel the power of the Abyss delaying your translocation!
You block the ufetubus's attack. x2; The hellephant tramples you!
You hold your ground!
The hellephant bites you!
You die...

# #. .##
..# ##
##..#
#..##..#
#.Y@#
#.5.#
....####
.#...
#...
#..##
.##


You could see a hellephant (catching breath) and an ufetubus.

Vanquished Creatures
  Mara (Snake:4)
  Jorgrun (D:12)
  A quicksilver dragon (Abyss:2)
  Kirke (Lair:3)
  3 sphinxes
  5 nagarajas (Snake:4)
  Aizul (Snake:3)
  2 angels (Vaults:3)
  7 vault wardens
  2 stone giants
  2 ironbound thunderhulks
  6 ironbound preservers
  Nessos (D:12)
  An eleionoma (Swamp:1)
  6 dire elephants
  A minotaur (Gauntlet)
  5 bunyips
  Snorg (D:12)
  2 crystal guardians (Vaults:3)
  An entropy weaver (Vaults:2)
  A green death (Abyss:2)
  7 great orbs of eyes
  A fire dragon (shapeshifter) (D:15)
  A shambling mangrove (Swamp:3)
  A rakshasa (Abyss:2)
  2 vault guards
  4 yaktaur captains
  9 anacondas
  10 hydras
  A peacekeeper (Vaults:3)
  A spriggan air mage (Swamp:1)
  3 catoblepae (Lair:5)
  A salamander tyrant (Snake:3)
  27 centaur warriors
  Erica (D:10)
  A ghost crab (Swamp:1)
  9 ironbound frosthearts
  2 death knights (Vaults:3)
  6 two-headed ogres
  9 alligators
  A dancing weapon (Vaults:3)
  6 death yaks (Lair:5)
  6 boulder beetles
  12 naga warriors
  5 orc high priests
  10 naga sharpshooters
  6 shock serpents
  3 tengu warriors
  A thrashing horror (Abyss:2)
  A spriggan berserker (Swamp:3)
  8 skeletal warriors
  A wretched star (Abyss:2)
  Lodul (D:11)
  A salamander mystic (Snake:3)
  A bunyip zombie (Abyss:2)
  4 goliath frogs
  A death drake (Swamp:3)
  8 sea snakes (Snake:4)
  2 spriggan druids
  A glowing orange brain (Abyss:2)
  16 deep trolls
  8 naga ritualists
  6 bog bodies
  5 swamp dragons
  An orange crystal statue (Gauntlet)
  5 wizards
  5 orc knights (Orc:2)
  5 lindwurms
  15 mana vipers
  5 harpies (Vaults:1)
  A necromancer (D:15)
  5 deep elf pyromancers
  Pikel (D:5)
  9 ironbound convokers
  24 ugly things
  8 orc sorcerers
  3 cyclopes
  8 manticores
  5 salamanders
  4 will-o-the-wisps
  40 black mambas
  A guardian serpent (shapeshifter) (D:15)
  2 worldbinders (Abyss:2)
  An apocalypse crab (Abyss:2)
  15 naga magi
  A torpor snail (Lair:1)
  7 vault sentinels
  12 elephants
  A smoke demon (Abyss:2)
  A demonic crawler (Abyss:2)
  18 cane toads
  8 guardian serpents
  A minotaur zombie (Gauntlet)
  An orange demon (Abyss:2)
  2 centaur skeletons (D:15)
  2 rime drakes (Lair:5)
  3 unseen horrors
  17 yaktaurs
  A kobold demonologist (D:11)
  3 freezing wraiths
  6 komodo dragons
  A rime drake (shapeshifter) (D:14)
  A tengu conjurer (D:14)
  An ancient zyme (Abyss:2)
  5 trolls
  3 bloated husks
  2 polar bears (Lair:4)
  Grinder (D:4)
  7 tyrant leeches
  4 raiju
  13 blink frogs
  A jumping spider (Vaults:2)
  A meliai zombie (D:15)
  2 vampires
  A culicivora (shapeshifter) (D:13)
  22 slime creatures
  Eustachio (D:4)
  4 wraiths
  A naga simulacrum (Abyss:2)
  2 ynoxinuls (Abyss:2)
  A centaur simulacrum (D:14)
  68 yaks
  3 wyverns
  4 basilisks
  4 fire bats (Abyss:2)
  2 neqoxecs (Abyss:2)
  17 starcursed masses (Abyss:2)
  A chaos spawn (Abyss:2)
  4 steam dragons
  3 large abominations (Abyss:2)
  Menkaure (D:7)
  3 hogs
  7 vampire mosquitoes
  39 nagas
  11 swamp worms
  Edmund (D:5)
  4 wargs (Orc:2)
  A naga (shapeshifter) (Abyss:2)
  3 hell hounds (Abyss:2)
  Duvessa (D:5)
  3 acid dragons
  14 water moccasins
  24 orc warriors
  A swamp drake (Swamp:2)
  3 ice beasts
  6 sky beasts
  8 black bears
  17 ogres
  19 wolves
  12 centaurs
  A phantom (D:6)
  4 small abominations (Abyss:2)
  2 kobold brigands
  Blork the orc (D:5)
  An earth elemental (Abyss:2)
  10 bullfrogs
  4 gnoll sergeants
  2 scorpions
  Dowan (D:5)
  11 killer bees
  2 electric eels
  2 howler monkeys (D:9)
  3 iron imps (Abyss:2)
  3 hounds (D:5)
  A jelly (D:7)
  16 orc priests
  2 iguanas
  27 orc wizards
  3 sleepcaps
  36 gnolls
  7 adders
  2 white imps
  2 ufetubi
  A worm (D:3)
  4 dart slugs
  103 orcs
  10 ball pythons
  7 endoplasms
  3 giant cockroaches
  4 goblins
  7 hobgoblins
  15 jackals
  3 quokkas
  2 bats (D:1)
  2 frilled lizards
  22 kobolds
  6 rats
1198 creatures vanquished.

Vanquished Creatures (others)
  A bloated husk (Swamp:1)
  An orc wizard (Orc:1)
  20 foxfires
22 creatures vanquished.

Grand Total: 1220 creatures vanquished

Notes
Turn   | Place    | Note
-------+----------+-------------------------------------------
     0 | D:1      | qw the Gargoyle Fighter began the quest for the Orb.
     0 | D:1      | Reached XP level 1. HP: 14/14 MP: 1/1
     0 | D:1      | 0 ||| qw: Version: 0.2-a-102-gaee6249
     0 | D:1      | 0 ||| qw: Game counter: 371
     0 | D:1      | 0 ||| qw: Always use a shield: true
     0 | D:1      | 0 ||| qw: God list: Okawaru
     0 | D:1      | 0 ||| qw: Allow faded altars: false
     0 | D:1      | 0 ||| qw: Do Orc after D:15 true
     0 | D:1      | 0 ||| qw: Do second Lair branch before Depths: true
     0 | D:1      | 0 ||| qw: Lair rune preference: random
     0 | D:1      | 0 ||| qw: Plans: Normal, Zot:1-4, Slime:5, God:TSO, Crypt,
                  | Tomb, Pan, Hells, Abyss, Win
     0 | D:1      | 0 ||| PLANNING D:1-11
    64 | D:1      | Reached XP level 2. HP: 19/19 MP: 2/2
   432 | D:1      | 432 ||| DROPPING +0 club.
   592 | D:1      | Reached skill level 3 in Axes
   628 | D:1      | Reached XP level 3. HP: 23/23 MP: 3/3
   864 | D:1      | 864 ||| UPGRADING to +0 pair of boots.
   869 | D:1      | 869 ||| UPGRADING to +2 cloak.
   874 | D:1      | 874 ||| READING scroll labelled WEZAIG ENULYDD.
   874 | D:1      | Identified a scroll of acquirement
   874 | D:1      | 874 ||| ACQUIRING amulet "Carutiyd" {RegenMP Str+2 Int+4}
   874 | D:1      | Acquired the amulet "Carutiyd" {RegenMP Str+2 Int+4}
   876 | D:1      | 876 ||| UPGRADING to amulet "Carutiyd" {RegenMP Str+2
                  | Int+4}.
   881 | D:1      | 881 ||| READING scroll labelled HUVOSTR HA XYE.
   882 | D:1      | 882 ||| READING scroll labelled RUASTR PUXZOEM.
   883 | D:1      | 883 ||| READING scroll labelled GECRU ETICURA.
   884 | D:1      | 884 ||| READING scroll labelled KODYGH GICY.
   887 | D:1      | 887 ||| READING scroll labelled ARYOFO OHUPHI.
   888 | D:1      | 888 ||| READING 2 scrolls labelled HIQYT DUEKEO.
   943 | D:2      | 943 ||| Stepping ~*~*~tactically~*~*~ (hiding).
   971 | D:2      | Found a faded altar of an unknown god.
   977 | D:2      | 977 ||| FLEEEEING.
   978 | D:2      | 978 ||| FLEEEEING.
  1006 | D:2      | 1006 ||| Stepping ~*~*~tactically~*~*~ (hiding).
  1457 | D:2      | Reached XP level 4. HP: 28/28 MP: 4/4
  1674 | D:2      | 1674 ||| UPGRADING to +0 pair of gloves.
  1679 | D:2      | 1679 ||| READING scroll labelled CEKHINW HATA.
  1680 | D:2      | 1680 ||| READING scroll labelled ASEQOI VIRRA.
  1698 | D:2      | 1698 ||| DRINKING 2 bubbling coppery potions.
  1698 | D:2      | Gained mutation: You are agile. (Dex +4, Str/Int -1)
                  | [potion of mutation]
  1699 | D:2      | 1699 ||| READING 3 scrolls of identify.
  1699 | D:2      | 1699 ||| IDENTIFYING sapphire potion
  1700 | D:2      | 1700 ||| READING 2 scrolls of identify.
  1700 | D:2      | 1700 ||| IDENTIFYING inky potion
  1701 | D:2      | 1701 ||| DROPPING potion of degeneration.
  1748 | D:3      | Found Jaschin's Antique Weapon Emporium.
  1757 | D:3      | 1757 ||| BUYING glowing war axe (149 gold).
  1757 | D:3      | Bought a glowing war axe for 149 gold pieces
  1757 | D:3      | 1757 ||| SWAPPING to +1 heavy war axe.
  1758 | D:3      | 1758 ||| DROPPING +0 war axe.
  1760 | D:3      | Found Qeirr's Book Shop.
  1816 | D:3      | Found Xakurun's Assorted Antiques.
  1821 | D:3      | 1821 ||| BUYING black potion (23 gold).
  1821 | D:3      | Bought a black potion for 23 gold pieces
  1821 | D:3      | 1821 ||| SHOPLISTING bronze wand (104 gold, have 3).
  1821 | D:3      | 1821 ||| SHOPLISTING potion of mutation (208 gold, have 3).
  1821 | D:3      | 1821 ||| SHOPLISTING scroll labelled QUMOOMOE OVITE (26
                  | gold, have 3).
  1821 | D:3      | 1821 ||| SHOPLISTING scroll of identify (52 gold, have 3).
  1821 | D:3      | 1821 ||| SHOPLISTING scroll of teleportation (78 gold, have
                  | 3).
  1921 | D:3      | 1921 ||| DROPPING +0 whip.
  1924 | D:3      | Found Qabimm's Distillery.
  1933 | D:3      | 1933 ||| SHOPLISTING 2 potions of mutation (176 gold, have
                  | 12).
  1933 | D:3      | 1933 ||| SHOPLISTING potion of cancellation (88 gold, have
                  | 12).
  1933 | D:3      | 1933 ||| SHOPLISTING potion of curing (33 gold, have 12).
  1933 | D:3      | 1933 ||| SHOPLISTING potion of lignification (33 gold, have
                  | 12).
  1933 | D:3      | 1933 ||| SHOPLISTING potion of might (44 gold, have 12).
  1979 | D:3      | 1979 ||| Stepping ~*~*~tactically~*~*~ (hiding).
  2087 | D:3      | Found Xaewiolu's Book Boutique.
  2101 | D:3      | 2101 ||| Stepping ~*~*~tactically~*~*~ (stealth).
  2198 | D:3      | Identified the +5 trident "Exotitz" {drain, Drain rPois
                  | Str+2 Stlth+}
  2213 | D:3      | 2213 ||| Stepping ~*~*~tactically~*~*~ (stealth).
  2586 | D:3      | 2586 ||| DROPPING ring of flight.
  2587 | D:3      | 2587 ||| READING scroll labelled QUMOOMOE OVITE.
  2588 | D:3      | 2588 ||| READING scroll labelled MUOKLU MOAGHU.
  2589 | D:3      | 2589 ||| DROPPING potion of invisibility.
  2669 | D:4      | Reached skill level 1 in Dodging
  2730 | D:4      | 2730 ||| READING scroll labelled RASHYBL SUPNUMYAD.
  2753 | D:4      | Noticed an ogre
  2756 | D:4      | Killed an ogre
  2757 | D:4      | Reached XP level 5. HP: 21/32 MP: 5/5
  2818 | D:4      | 2818 ||| Stepping ~*~*~tactically~*~*~ (water).
  2862 | D:4      | Found a staircase to the Ecumenical Temple.
  2865 | D:4      | 2865 ||| Stepping ~*~*~tactically~*~*~ (hiding).
  2867 | D:4      | Noticed Eustachio
  2879 | D:4      | 2879 ||| Stepping ~*~*~tactically~*~*~ (stealth).
  2880 | D:4      | Noticed an ogre
  2885 | D:4      | Reached XP level 6. HP: 30/37 MP: 6/6
  2891 | D:4      | Killed Eustachio
  2892 | D:4      | Reached XP level 7. HP: 30/44 MP: 7/7
  2896 | D:4      | 2896 ||| FLEEEEING.
  2897 | D:4      | 2897 ||| FLEEEEING.
  2899 | D:4      | 2899 ||| FLEEEEING.
  2900 | D:4      | 2900 ||| FLEEEEING.
  2901 | D:4      | 2901 ||| FLEEEEING.
  2902 | D:4      | 2902 ||| FLEEEEING.
  2903 | D:4      | 2903 ||| FLEEEEING.
  2904 | D:4      | 2904 ||| FLEEEEING.
  2905 | D:4      | 2905 ||| FLEEEEING.
  2906 | D:4      | 2906 ||| FLEEEEING.
  2907 | D:4      | 2907 ||| FLEEEEING.
  2908 | D:4      | 2908 ||| FLEEEEING.
  2909 | D:4      | 2909 ||| FLEEEEING.
  2910 | D:4      | 2910 ||| FLEEEEING.
  2911 | D:4      | 2911 ||| FLEEEEING.
  2915 | D:4      | Reached skill level 6 in Axes
  2986 | D:4      | 2986 ||| Stepping ~*~*~tactically~*~*~ (stealth).
  3063 | D:4      | Found an ancient bone altar of Kikubaaqudgha.
  3134 | D:4      | 3134 ||| PLANNING TEMPLE
  3134 | D:4      | 3134 ||| Stepping ~*~*~tactically~*~*~ (stealth).
  3147 | Temple   | Entered the Ecumenical Temple
  3151 | Temple   | 3151 ||| PLANNING D:1-11
  3165 | D:4      | 3165 ||| Stepping ~*~*~tactically~*~*~ (stealth).
  3169 | D:4      | 3169 ||| Stepping ~*~*~tactically~*~*~ (stealth).
  3193 | D:4      | Found a runed translucent door.
  3194 | D:4      | 3194 ||| DROPPING +3 hammer.
  3195 | D:4      | Noticed Crazy Yiuf
  3244 | D:4      | 3244 ||| Stepping ~*~*~tactically~*~*~ (hiding).
  3386 | D:4      | 3386 ||| Stepping ~*~*~tactically~*~*~ (hiding).
  3412 | D:4      | 3412 ||| Stepping ~*~*~tactically~*~*~ (stealth).
  3417 | D:4      | 3417 ||| Stepping ~*~*~tactically~*~*~ (stealth).
  3424 | D:4      | 3424 ||| Stepping ~*~*~tactically~*~*~ (hiding).
  3460 | D:4      | 3460 ||| FLEEEEING.
  3461 | D:4      | 3461 ||| FLEEEEING.
  3494 | D:4      | Reached XP level 8. HP: 49/49 MP: 8/8
  3528 | D:4      | 3528 ||| Stepping ~*~*~tactically~*~*~ (stealth).
  3532 | D:4      | 3532 ||| Stepping ~*~*~tactically~*~*~ (hiding).
  3564 | D:4      | HP: 11/49 [gnoll/+0 spear (3)]
  3565 | D:4      | 3565 ||| READING scroll of teleportation.
  3565 | D:4      | HP: 5/49 [gnoll/+0 spear (5)]
  3566 | D:4      | 3566 ||| DRINKING potion of heal wounds.
  3681 | D:4      | 3681 ||| FLEEEEING.
  3682 | D:4      | 3682 ||| FLEEEEING.
  3683 | D:4      | 3683 ||| FLEEEEING.
  3720 | D:4      | 3720 ||| Stepping ~*~*~tactically~*~*~ (stealth).
  3739 | D:4      | Found an ancient bone altar of Kikubaaqudgha.
  3772 | D:4      | 3772 ||| Stepping ~*~*~tactically~*~*~ (stealth).
  3855 | D:4      | 3855 ||| FLEEEEING.
  3856 | D:4      | 3856 ||| FLEEEEING.
  3857 | D:4      | 3857 ||| FLEEEEING.
  3858 | D:4      | 3858 ||| FLEEEEING.
  3859 | D:4      | 3859 ||| FLEEEEING.
  3860 | D:4      | 3860 ||| FLEEEEING.
  3861 | D:4      | 3861 ||| FLEEEEING.
  3862 | D:4      | 3862 ||| FLEEEEING.
  3863 | D:4      | 3863 ||| FLEEEEING.
  3864 | D:4      | 3864 ||| FLEEEEING.
  3865 | D:4      | 3865 ||| FLEEEEING.
  3866 | D:4      | 3866 ||| FLEEEEING.
  3867 | D:4      | 3867 ||| FLEEEEING.
  3921 | D:4      | 3921 ||| DROPPING +0 flail.
  4366 | D:4      | 4366 ||| UPGRADING to +0 chain mail.
  4376 | D:4      | 4376 ||| DROPPING +0 scale mail.
  4377 | D:4      | 4377 ||| READING scroll labelled XAFUNTUSAS.
  4378 | D:4      | 4378 ||| READING 2 scrolls of identify.
  4378 | D:4      | 4378 ||| IDENTIFYING glowing pink potion
  4418 | D:5      | Entered Level 5 of the Dungeon
  4418 | D:5      | Noticed Grinder
  4425 | D:5      | Paralysed by Grinder for 4 turns
  4429 | D:5      | 4429 ||| STAIRDANCE
  4439 | D:4      | Killed Grinder
  4440 | D:4      | Reached skill level 3 in Throwing
  4712 | D:5      | Noticed Edmund
  4722 | D:5      | Killed Edmund
  4806 | D:5      | Noticed Pikel
  4818 | D:5      | Killed Pikel
  4819 | D:5      | Reached XP level 9. HP: 53/58 MP: 9/9
  4916 | D:5      | 4916 ||| Stepping ~*~*~tactically~*~*~ (stealth).
  4919 | D:5      | 4919 ||| Stepping ~*~*~tactically~*~*~ (hiding).
  4976 | D:5      | 4976 ||| FLEEEEING.
  5051 | D:5      | 5051 ||| Stepping ~*~*~tactically~*~*~ (hiding).
  5148 | D:5      | 5148 ||| Stepping ~*~*~tactically~*~*~ (stealth).
  5197 | D:5      | Noticed Dowan
  5198 | D:5      | 5198 ||| Stepping ~*~*~tactically~*~*~ (hiding).
  5201 | D:5      | 5201 ||| Stepping ~*~*~tactically~*~*~ (hiding).
  5203 | D:5      | 5203 ||| Stepping ~*~*~tactically~*~*~ (hiding).
  5204 | D:5      | 5204 ||| Stepping ~*~*~tactically~*~*~ (hiding).
  5205 | D:5      | 5205 ||| Stepping ~*~*~tactically~*~*~ (hiding).
  5207 | D:5      | 5207 ||| Stepping ~*~*~tactically~*~*~ (hiding).
  5213 | D:5      | Killed Dowan
  5213 | D:5      | Noticed Duvessa
  5214 | D:5      | 5214 ||| Stepping ~*~*~tactically~*~*~ (stealth).
  5216 | D:5      | 5216 ||| Stepping ~*~*~tactically~*~*~ (stealth).
  5224 | D:5      | Killed Duvessa
  5225 | D:5      | Reached skill level 9 in Axes
  5392 | D:5      | Noticed Blork the orc
  5399 | D:5      | Killed Blork the orc
  5469 | D:5      | Reached skill level 4 in Shields
  5637 | D:5      | 5637 ||| UPGRADING to +0 plate armour.
  5647 | D:5      | 5647 ||| DROPPING +0 chain mail.
  5648 | D:5      | 5648 ||| DRINKING 2 clear potions.
  5649 | D:5      | 5649 ||| DROPPING potion of magic.
  5765 | D:6      | 5765 ||| Stepping ~*~*~tactically~*~*~ (hiding).
  5766 | D:6      | 5766 ||| Stepping ~*~*~tactically~*~*~ (hiding).
  5767 | D:6      | 5767 ||| Stepping ~*~*~tactically~*~*~ (hiding).
  5778 | D:6      | 5778 ||| Stepping ~*~*~tactically~*~*~ (hiding).
  5779 | D:6      | 5779 ||| Stepping ~*~*~tactically~*~*~ (hiding).
  5788 | D:6      | 5788 ||| Stepping ~*~*~tactically~*~*~ (hiding).
  5802 | D:6      | Found a runed translucent door.
  5802 | D:6      | Found Inloj's Weapon Boutique.
  5810 | D:6      | 5810 ||| SHOPLISTING +9 hand axe of Famine {holy, rC+
                  | Stlth+} (873 gold, have 171).
  5818 | D:6      | 5818 ||| Stepping ~*~*~tactically~*~*~ (stealth).
  5820 | D:6      | 5820 ||| Stepping ~*~*~tactically~*~*~ (hiding).
  5882 | D:6      | Found Innas's Antique Weapon Emporium.
  5919 | D:6      | 5919 ||| Stepping ~*~*~tactically~*~*~ (hiding).
  5920 | D:6      | 5920 ||| Stepping ~*~*~tactically~*~*~ (hiding).
  5968 | D:6      | Reached skill level 6 in Armour
  6159 | D:6      | 6159 ||| READING scroll of acquirement.
  6159 | D:6      | 6159 ||| ACQUIRING +2 broad axe of venom
  6159 | D:6      | Acquired a +2 broad axe of venom
  6161 | D:6      | 6161 ||| SWAPPING to +2 broad axe of venom.
  6162 | D:6      | 6162 ||| DROPPING +1 heavy war axe.
  6177 | D:6      | 6177 ||| Stepping ~*~*~tactically~*~*~ (hiding).
  6181 | D:6      | 6181 ||| Stepping ~*~*~tactically~*~*~ (hiding).
  6253 | D:6      | Reached XP level 10. HP: 64/64 MP: 10/10
  6345 | D:6      | Noticed qw's ghost (novice GrFi)
  6347 | D:6      | 6347 ||| READING 2 scrolls labelled HAWIJU GISUTRI.
  6348 | D:6      | 6348 ||| READING scroll of enchant weapon.
  6348 | D:6      | 6348 ||| ENCHANTING +3 broad axe of venom.
  6349 | D:6      | 6349 ||| READING scroll labelled PAMOFY ZOUN.
  6550 | D:7      | 6550 ||| Stepping ~*~*~tactically~*~*~ (hiding).
  6573 | D:7      | HP: 16/64 [phantom (5)]
  6574 | D:7      | 6574 ||| READING scroll of teleportation.
  6774 | D:7      | 6774 ||| READING scroll of enchant weapon.
  6774 | D:7      | 6774 ||| ENCHANTING +4 broad axe of venom.
  6833 | D:7      | Noticed Menkaure
  6837 | D:7      | Killed Menkaure
  6855 | D:7      | 6855 ||| Stepping ~*~*~tactically~*~*~ (stealth).
  7030 | D:7      | 7030 ||| Stepping ~*~*~tactically~*~*~ (stealth).
  7037 | D:7      | 7037 ||| Stepping ~*~*~tactically~*~*~ (hiding).
  7039 | D:7      | 7039 ||| Stepping ~*~*~tactically~*~*~ (hiding).
  7040 | D:7      | 7040 ||| Stepping ~*~*~tactically~*~*~ (hiding).
  7049 | D:7      | 7049 ||| FLEEEEING.
  7050 | D:7      | 7050 ||| FLEEEEING.
  7051 | D:7      | 7051 ||| FLEEEEING.
  7052 | D:7      | 7052 ||| FLEEEEING.
  7053 | D:7      | 7053 ||| FLEEEEING.
  7054 | D:7      | 7054 ||| FLEEEEING.
  7056 | D:7      | 7056 ||| FLEEEEING.
  7057 | D:7      | 7057 ||| FLEEEEING.
  7058 | D:7      | 7058 ||| FLEEEEING.
  7059 | D:7      | 7059 ||| FLEEEEING.
  7060 | D:7      | 7060 ||| FLEEEEING.
  7061 | D:7      | 7061 ||| FLEEEEING.
  7062 | D:7      | 7062 ||| Stepping ~*~*~tactically~*~*~ (hiding).
  7063 | D:7      | Killed an unseen horror
  7221 | D:7      | Identified the +4 broad axe of Dias {heavy, rN+ Int+4}
  7223 | D:7      | 7223 ||| SWAPPING to +4 broad axe of Dias {heavy, rN+
                  | Int+4}.
  7224 | D:7      | 7224 ||| DROPPING +5 broad axe of venom.
  7238 | D:7      | Reached skill level 5 in Shields
  7435 | D:7      | Found an iron altar of Okawaru.
  7436 | D:7      | 7436 ||| PLANNING OKAWARU WORSHIP
  7436 | D:7      | 7436 ||| UPGRADING to amulet of regeneration.
  7446 | D:7      | 7446 ||| DROPPING amulet "Carutiyd" {RegenMP Str+2 Int+4}.
  7447 | D:7      | 7447 ||| READING scroll labelled WOKLOI VAQE.
  7448 | D:7      | 7448 ||| READING scroll labelled QURUAB UTATUV.
  7453 | D:7      | Became a worshipper of Warmaster Okawaru
  7453 | D:7      | 7453 ||| PLANNING D:1-11
  7762 | D:8      | 7762 ||| Stepping ~*~*~tactically~*~*~ (stealth).
  7764 | D:8      | 7764 ||| Stepping ~*~*~tactically~*~*~ (stealth).
  7767 | D:8      | 7767 ||| Stepping ~*~*~tactically~*~*~ (hiding).
  7769 | D:8      | 7769 ||| Stepping ~*~*~tactically~*~*~ (hiding).
  7772 | D:8      | 7772 ||| Stepping ~*~*~tactically~*~*~ (hiding).
  7972 | D:8      | 7972 ||| Stepping ~*~*~tactically~*~*~ (stealth).
  8042 | D:8      | 8042 ||| Stepping ~*~*~tactically~*~*~ (hiding).
  8043 | D:8      | 8043 ||| Stepping ~*~*~tactically~*~*~ (hiding).
  8051 | D:8      | 8051 ||| DRINKING 3 potions of curing.
  8051 | D:8      | 8051 ||| (to cure confusion)
  8155 | D:8      | Noticed a two-headed ogre
  8156 | D:8      | 8156 ||| Stepping ~*~*~tactically~*~*~ (stealth).
  8165 | D:8      | Killed a two-headed ogre
  8165 | D:8      | Reached * piety under Okawaru
  8166 | D:8      | Reached XP level 11. HP: 48/68 MP: 11/11
  8516 | D:8      | 8516 ||| DROPPING ring of magical power.
  8517 | D:8      | 8517 ||| UPGRADING to +6 ring of dexterity.
  8518 | D:8      | 8518 ||| DRINKING 2 black potions.
  8634 | D:9      | 8634 ||| Stepping ~*~*~tactically~*~*~ (stealth).
  8636 | D:9      | 8636 ||| Stepping ~*~*~tactically~*~*~ (hiding).
  8644 | D:9      | 8644 ||| DRINKING 2 potions of curing.
  8644 | D:9      | 8644 ||| (to cure confusion)
  8655 | D:9      | 8655 ||| DROPPING +0 flail of protection.
  8786 | D:9      | Reached skill level 1 in Invocations
  9080 | D:9      | Reached skill level 3 in Dodging
  9171 | D:9      | 9171 ||| Stepping ~*~*~tactically~*~*~ (stealth).
  9188 | D:9      | 9188 ||| Stepping ~*~*~tactically~*~*~ (stealth).
  9191 | D:9      | 9191 ||| Stepping ~*~*~tactically~*~*~ (stealth).
  9202 | D:9      | Reached skill level 3 in Invocations
  9203 | D:9      | Reached ** piety under Okawaru
  9230 | D:9      | 9230 ||| Stepping ~*~*~tactically~*~*~ (stealth).
  9255 | D:9      | 9255 ||| Stepping ~*~*~tactically~*~*~ (stealth).
  9257 | D:9      | 9257 ||| INVOKING Heroism.
  9879 | D:9      | 9879 ||| READING 3 scrolls of identify.
  9879 | D:9      | 9879 ||| IDENTIFYING pink potion
  9880 | D:9      | 9880 ||| READING 2 scrolls of identify.
  9880 | D:9      | 9880 ||| IDENTIFYING red potion
  9881 | D:9      | 9881 ||| DROPPING potion of brilliance.
  9932 | D:10     | Entered Level 10 of the Dungeon
  9939 | D:10     | Found a broken altar of Ashenzari.
  9939 | D:10     | Found a white marble altar of Elyvilon.
  9947 | D:10     | Found a bloodstained altar of Trog.
  9949 | D:10     | Found a faded altar of an unknown god.
  9951 | D:10     | Found a faded altar of an unknown god.
 10049 | D:10     | Reached skill level 9 in Fighting
 10051 | D:10     | 10051 ||| INVOKING Heroism.
 10362 | D:10     | Noticed Erica
 10374 | D:10     | Killed Erica
 10583 | D:10     | 10583 ||| INVOKING Heroism.
 10600 | D:10     | 10600 ||| UPGRADING to +4 ring of protection.
 10601 | D:10     | 10601 ||| READING 2 scrolls of identify.
 10601 | D:10     | 10601 ||| IDENTIFYING fuming brown potion
 10633 | D:11     | Found an opulent altar of Gozag.
 10810 | D:11     | Noticed a two-headed ogre
 10811 | D:11     | 10811 ||| INVOKING Heroism.
 10814 | D:11     | Killed a two-headed ogre
 10867 | D:11     | 10867 ||| INVOKING Heroism.
 10877 | D:11     | Reached skill level 12 in Axes
 10878 | D:11     | Reached *** piety under Okawaru
 11003 | D:11     | 11003 ||| Stepping ~*~*~tactically~*~*~ (stealth).
 11012 | D:11     | 11012 ||| Stepping ~*~*~tactically~*~*~ (stealth).
 11024 | D:11     | Noticed a two-headed ogre
 11025 | D:11     | 11025 ||| INVOKING Heroism.
 11028 | D:11     | 11028 ||| Stepping ~*~*~tactically~*~*~ (hiding).
 11030 | D:11     | Found Hyfruat's Weapon Shop.
 11036 | D:11     | Killed a two-headed ogre
 11037 | D:11     | Reached skill level 9 in Armour
 11043 | D:11     | Found a staircase to the Orcish Mines.
 11128 | D:11     | 11128 ||| Stepping ~*~*~tactically~*~*~ (stealth).
 11135 | D:11     | Reached skill level 6 in Shields
 11138 | D:11     | Reached **** piety under Okawaru
 11139 | D:11     | Reached XP level 12. HP: 76/76 MP: 15/15
 11302 | D:11     | 11302 ||| Stepping ~*~*~tactically~*~*~ (stealth).
 11306 | D:11     | 11306 ||| Stepping ~*~*~tactically~*~*~ (stealth).
 11314 | D:11     | 11314 ||| FLEEEEING.
 11324 | D:11     | Noticed Lodul
 11330 | D:11     | Killed Lodul
 11335 | D:11     | 11335 ||| INVOKING Heroism.
 11480 | D:11     | Found a staircase to the Lair.
 11538 | D:11     | 11538 ||| PLANNING LAIR
 11538 | D:11     | 11538 ||| UPGRADING to amulet of faith.
 11566 | Lair:1   | Entered Level 1 of the Lair of Beasts
 11567 | Lair:1   | 11567 ||| INVOKING Heroism.
 11579 | Lair:1   | Reached skill level 6 in Invocations
 11649 | Lair:1   | 11649 ||| FLEEEEING.
 11650 | Lair:1   | 11650 ||| STAIRDANCE
 11710 | Lair:1   | 11710 ||| INVOKING Heroism.
 11804 | Lair:1   | 11804 ||| INVOKING Heroism.
 11828 | Lair:1   | 11828 ||| Stepping ~*~*~tactically~*~*~ (stealth).
 11831 | Lair:1   | Received a gift from Okawaru
 12229 | Lair:1   | 12229 ||| Stepping ~*~*~tactically~*~*~ (stealth).
 12230 | Lair:1   | 12230 ||| Stepping ~*~*~tactically~*~*~ (stealth).
 12237 | Lair:1   | 12237 ||| INVOKING Heroism.
 12243 | Lair:1   | Received a gift from Okawaru
 12667 | Lair:1   | 12667 ||| DROPPING +4 chain mail.
 12699 | Lair:2   | 12699 ||| PLANNING GAUNTLET
 12772 | Lair:2   | 12772 ||| INVOKING Heroism.
 12831 | Lair:2   | Reached ***** piety under Okawaru
 12902 | Lair:2   | 12902 ||| Stepping ~*~*~tactically~*~*~ (stealth).
 12902 | Lair:2   | Noticed a boulder beetle
 12904 | Lair:2   | 12904 ||| INVOKING Heroism.
 12906 | Lair:2   | 12906 ||| INVOKING Finesse.
 12915 | Lair:2   | Killed a boulder beetle
 12920 | Lair:2   | Reached skill level 9 in Invocations
 12920 | Lair:2   | Reached XP level 13. HP: 53/82 MP: 12/19
 12927 | Lair:2   | 12927 ||| Stepping ~*~*~tactically~*~*~ (stealth).
 12941 | Lair:2   | 12941 ||| INVOKING Heroism.
 13075 | Lair:2   | 13075 ||| Stepping ~*~*~tactically~*~*~ (stealth).
 13088 | Lair:2   | Received a gift from Okawaru
 13104 | Lair:2   | 13104 ||| Stepping ~*~*~tactically~*~*~ (stealth).
 13117 | Lair:2   | 13117 ||| Stepping ~*~*~tactically~*~*~ (stealth).
 13118 | Lair:2   | 13118 ||| Stepping ~*~*~tactically~*~*~ (stealth).
 13118 | Lair:2   | Found a gate leading to a gauntlet.
 13119 | Lair:2   | 13119 ||| Stepping ~*~*~tactically~*~*~ (stealth).
 13121 | Lair:2   | 13121 ||| Stepping ~*~*~tactically~*~*~ (stealth).
 13122 | Lair:2   | 13122 ||| DROPPING amulet of guardian spirit.
 13131 | Lair:2   | Received a gift from Okawaru
 13136 | Gauntlet | Entered a Gauntlet
 13136 | Gauntlet | Found a transporter.
 13136 | Gauntlet | Found a transporter.
 13140 | Gauntlet | Found a transporter.
 13140 | Gauntlet | Found a transporter.
 13145 | Gauntlet | Noticed a great orb of eyes
 13150 | Gauntlet | Found a transporter.
 13160 | Gauntlet | Found a transporter.
 13160 | Gauntlet | Found a transporter.
 13163 | Gauntlet | Found a transporter.
 13196 | Gauntlet | Found a transporter.
 13203 | Gauntlet | Found a transporter.
 13239 | Gauntlet | Noticed an entropy weaver
 13261 | Gauntlet | Found a transporter.
 13277 | Gauntlet | Found a transporter.
 13291 | Gauntlet | Found a transporter.
 13382 | Gauntlet | Found a transporter.
 13394 | Gauntlet | Found a transporter.
 13408 | Gauntlet | Found a transporter.
 13495 | Gauntlet | 13495 ||| ZAPPING wand of digging (4).
 13496 | Gauntlet | 13496 ||| ZAPPING wand of digging (3).
 13497 | Gauntlet | 13497 ||| INVOKING Heroism.
 13518 | Gauntlet | Identified the scarf "Gaorett" {+Inv, -Tele Rampage rPois
                  | Will-}
 13522 | Gauntlet | 13522 ||| DROPPING scarf "Gaorett" {+Inv, -Tele Rampage
                  | rPois Will-}.
 13540 | Gauntlet | 13540 ||| INVOKING Heroism.
 13546 | Gauntlet | Killed a great orb of eyes
 13604 | Gauntlet | Identified the ring of Lisuces {*Corrode rPois rC+ Will+
                  | Dex+2}
 13606 | Gauntlet | 13606 ||| UPGRADING to ring of Lisuces {*Corrode rPois rC+
                  | Will+ Dex+2}.
 13624 | Gauntlet | 13624 ||| INVOKING Heroism.
 13625 | Gauntlet | 13625 ||| INVOKING Finesse.
 13675 | Gauntlet | 13675 ||| DROPPING +0 cloak of poison resistance.
 13676 | Gauntlet | 13676 ||| UPGRADING to +6 ring of strength.
 13678 | Gauntlet | 13678 ||| DROPPING +6 ring of dexterity.
 13698 | Gauntlet | Identified the amulet of the Distant Future {Reflect -Tele
                  | rF+++ Will+ Str+2 SH+5}
 13698 | Gauntlet | Noticed a minotaur
 13699 | Gauntlet | 13699 ||| INVOKING Heroism.
 13704 | Gauntlet | Killed a minotaur
 13805 | Gauntlet | 13805 ||| INVOKING Heroism.
 13933 | Lair:2   | 13933 ||| PLANNING LAIR
 13999 | Lair:2   | 13999 ||| Stepping ~*~*~tactically~*~*~ (stealth).
 14001 | Lair:2   | 14001 ||| INVOKING Heroism.
 14020 | Lair:2   | 14020 ||| Stepping ~*~*~tactically~*~*~ (stealth).
 14022 | Lair:2   | 14022 ||| Stepping ~*~*~tactically~*~*~ (stealth).
 14403 | Lair:2   | 14403 ||| UPGRADING to +0 helmet.
 14431 | Lair:3   | 14431 ||| Stepping ~*~*~tactically~*~*~ (stealth).
 14432 | Lair:3   | 14432 ||| Stepping ~*~*~tactically~*~*~ (stealth).
 14433 | Lair:3   | 14433 ||| INVOKING Heroism.
 14434 | Lair:3   | 14434 ||| INVOKING Finesse.
 14440 | Lair:3   | 14440 ||| SWAPPING to +0 hand axe of flaming.
 14446 | Lair:3   | Received a gift from Okawaru
 14447 | Lair:3   | 14447 ||| SWAPPING to +4 broad axe of Dias {heavy, rN+
                  | Int+4}.
 14574 | Lair:3   | 14574 ||| INVOKING Heroism.
 14631 | Lair:3   | Identified the +0 ring mail of the Forest {Slay+4}
 14699 | Lair:3   | Found a staircase to the Swamp.
 14703 | Lair:3   | 14703 ||| INVOKING Heroism.
 14804 | Lair:3   | 14804 ||| Stepping ~*~*~tactically~*~*~ (hiding).
 14807 | Lair:3   | 14807 ||| INVOKING Heroism.
 14809 | Lair:3   | 14809 ||| Stepping ~*~*~tactically~*~*~ (cloud).
 14813 | Lair:3   | 14813 ||| Stepping ~*~*~tactically~*~*~ (cloud).
 14814 | Lair:3   | 14814 ||| Stepping ~*~*~tactically~*~*~ (cloud).
 15033 | Lair:3   | Found a staircase to the Snake Pit.
 15321 | Lair:3   | 15321 ||| READING 6 scrolls of identify.
 15321 | Lair:3   | 15321 ||| IDENTIFYING gluggy clear potion
 15322 | Lair:3   | 15322 ||| DROPPING potion of flight.
 15334 | Lair:4   | Noticed Kirke
 15335 | Lair:4   | 15335 ||| INVOKING Heroism.
 15342 | Lair:4   | 15342 ||| STAIRDANCE
 15347 | Lair:3   | Killed Kirke
 15390 | Lair:4   | 15390 ||| INVOKING Heroism.
 15460 | Lair:4   | 15460 ||| Stepping ~*~*~tactically~*~*~ (stealth).
 15531 | Lair:4   | Reached skill level 7 in Shields
 15634 | Lair:4   | 15634 ||| INVOKING Heroism.
 15846 | Lair:4   | 15846 ||| INVOKING Heroism.
 15854 | Lair:4   | Gained mutation: Your large and strong wings let you fly.
                  | [Gargoyle growth]
 15854 | Lair:4   | Reached XP level 14. HP: 90/90 MP: 19/21
 15989 | Lair:4   | 15989 ||| UPGRADING to +1 helmet.
 15999 | Lair:4   | 15999 ||| DROPPING +0 helmet.
 16004 | Lair:5   | Entered Level 5 of the Lair of Beasts
 16004 | Lair:5   | Noticed an azure jelly
 16004 | Lair:5   | Noticed an azure jelly
 16004 | Lair:5   | Noticed an azure jelly
 16004 | Lair:5   | Found a runed translucent door.
 16004 | Lair:5   | Found a staircase to the Slime Pits.
 16091 | Lair:5   | 16091 ||| Stepping ~*~*~tactically~*~*~ (hiding).
 16127 | Lair:5   | 16127 ||| INVOKING Heroism.
 16226 | Lair:5   | Received a gift from Okawaru
 16302 | Lair:5   | 16302 ||| Stepping ~*~*~tactically~*~*~ (stealth).
 16304 | Lair:5   | 16304 ||| Stepping ~*~*~tactically~*~*~ (stealth).
 16311 | Lair:5   | 16311 ||| Stepping ~*~*~tactically~*~*~ (stealth).
 16521 | Lair:5   | 16521 ||| INVOKING Heroism.
 16607 | Lair:5   | 16607 ||| INVOKING Heroism.
 16608 | Lair:5   | 16608 ||| INVOKING Finesse.
 16848 | Lair:5   | Reached skill level 15 in Axes
 16856 | Lair:5   | 16856 ||| INVOKING Heroism.
 16860 | Lair:5   | 16860 ||| INVOKING Finesse.
 16929 | Lair:5   | 16929 ||| INVOKING Heroism.
 16930 | Lair:5   | 16930 ||| INVOKING Finesse.
 16986 | Lair:5   | 16986 ||| INVOKING Heroism.
 16992 | Lair:5   | 16992 ||| Stepping ~*~*~tactically~*~*~ (stealth).
 16994 | Lair:5   | 16994 ||| Stepping ~*~*~tactically~*~*~ (stealth).
 17007 | Lair:5   | 17007 ||| INVOKING Finesse.
 17020 | Lair:5   | Reached skill level 12 in Fighting
 17134 | Lair:5   | 17134 ||| Stepping ~*~*~tactically~*~*~ (stealth).
 17137 | Lair:5   | 17137 ||| INVOKING Heroism.
 17138 | Lair:5   | 17138 ||| INVOKING Finesse.
 17273 | Lair:5   | 17273 ||| Stepping ~*~*~tactically~*~*~ (stealth).
 17285 | Lair:5   | 17285 ||| INVOKING Heroism.
 17290 | Lair:5   | 17290 ||| INVOKING Finesse.
 17373 | Lair:5   | Identified the +5 ring mail of Hospitality {Drain rPois
                  | Will+}
 17739 | Lair:5   | 17739 ||| PLANNING D
 17885 | D:12     | 17885 ||| Stepping ~*~*~tactically~*~*~ (hiding).
 17887 | D:12     | 17887 ||| Stepping ~*~*~tactically~*~*~ (hiding).
 17888 | D:12     | 17888 ||| Stepping ~*~*~tactically~*~*~ (hiding).
 17895 | D:12     | Noticed Jorgrun
 17895 | D:12     | 17895 ||| INVOKING Heroism.
 17902 | D:12     | Killed Jorgrun
 17902 | D:12     | Received a gift from Okawaru
 17903 | D:12     | Reached skill level 6 in Throwing
 17914 | D:12     | Noticed Snorg
 17923 | D:12     | Killed Snorg
 17963 | D:12     | 17963 ||| FLEEEEING.
 17968 | D:12     | 17968 ||| STAIRDANCE
 18028 | D:12     | Noticed Nessos
 18029 | D:12     | 18029 ||| INVOKING Finesse.
 18033 | D:12     | Killed Nessos
 18148 | D:12     | Found Feja's Changing Room.
 18190 | D:12     | Received a gift from Okawaru
 18292 | D:12     | Found a sacrificial altar of Ru.
 18295 | D:12     | 18295 ||| Stepping ~*~*~tactically~*~*~ (hiding).
 18297 | D:12     | 18297 ||| INVOKING Heroism.
 18307 | D:12     | 18307 ||| Stepping ~*~*~tactically~*~*~ (hiding).
 18315 | D:12     | Reached XP level 15. HP: 96/96 MP: 22/22
 18447 | D:12     | 18447 ||| FLEEEEING.
 18448 | D:12     | 18448 ||| FLEEEEING.
 18449 | D:12     | 18449 ||| FLEEEEING.
 18450 | D:12     | 18450 ||| FLEEEEING.
 18451 | D:12     | 18451 ||| FLEEEEING.
 18452 | D:12     | 18452 ||| FLEEEEING.
 18453 | D:12     | 18453 ||| FLEEEEING.
 18454 | D:12     | 18454 ||| FLEEEEING.
 18455 | D:12     | 18455 ||| FLEEEEING.
 18456 | D:12     | 18456 ||| FLEEEEING.
 18457 | D:12     | 18457 ||| FLEEEEING.
 18458 | D:12     | 18458 ||| FLEEEEING.
 18459 | D:12     | 18459 ||| FLEEEEING.
 18460 | D:12     | 18460 ||| FLEEEEING.
 18463 | D:12     | 18463 ||| FLEEEEING.
 18464 | D:12     | 18464 ||| FLEEEEING.
 18640 | D:12     | 18640 ||| DROPPING +2 cloak.
 18641 | D:12     | 18641 ||| UPGRADING to +2 helmet.
 18651 | D:12     | 18651 ||| DROPPING +1 helmet.
 18652 | D:12     | 18652 ||| DRINKING 2 murky coppery potions.
 18653 | D:12     | 18653 ||| DRINKING 4 potions of curing.
 18653 | D:12     | 18653 ||| (to cure confusion)
 18654 | D:12     | 18654 ||| READING 9 scrolls of identify.
 18654 | D:12     | 18654 ||| IDENTIFYING fizzy pink potion
 18655 | D:12     | 18655 ||| DROPPING potion of ambrosia.
 18702 | D:13     | 18702 ||| Stepping ~*~*~tactically~*~*~ (hiding).
 18708 | D:13     | Received a gift from Okawaru
 18798 | D:13     | 18798 ||| INVOKING Heroism.
 18799 | D:13     | 18799 ||| READING 7 scrolls of teleportation.
 18848 | D:13     | 18848 ||| Stepping ~*~*~tactically~*~*~ (hiding).
 18849 | D:13     | 18849 ||| Stepping ~*~*~tactically~*~*~ (hiding).
 18851 | D:13     | 18851 ||| Stepping ~*~*~tactically~*~*~ (hiding).
 18878 | D:13     | Reached skill level 8 in Shields
 18964 | D:13     | 18964 ||| INVOKING Heroism.
 18964 | D:13     | HP: 18/96 [large slime creature (20)]
 18965 | D:13     | 18965 ||| READING 6 scrolls of teleportation.
 18965 | D:13     | HP: 8/96 [large slime creature (7)]
 18966 | D:13     | 18966 ||| DRINKING 4 potions of heal wounds.
 18967 | D:13     | 18967 ||| DRINKING 3 potions of heal wounds.
 18973 | D:13     | Received a gift from Okawaru
 18990 | D:13     | 18990 ||| INVOKING Heroism.
 19146 | D:13     | 19146 ||| Stepping ~*~*~tactically~*~*~ (stealth).
 19419 | D:13     | 19419 ||| Stepping ~*~*~tactically~*~*~ (stealth).
 19457 | D:13     | 19457 ||| INVOKING Heroism.
 19488 | D:13     | Found a gate to the Vaults.
 19544 | D:13     | Reached skill level 12 in Armour
 19549 | D:13     | 19549 ||| INVOKING Heroism.
 19933 | D:14     | 19933 ||| INVOKING Heroism.
 20095 | D:14     | 20095 ||| FLEEEEING.
 20103 | D:14     | 20103 ||| FLEEEEING.
 20104 | D:14     | 20104 ||| FLEEEEING.
 20105 | D:14     | 20105 ||| FLEEEEING.
 20106 | D:14     | 20106 ||| FLEEEEING.
 20107 | D:14     | 20107 ||| FLEEEEING.
 20108 | D:14     | 20108 ||| FLEEEEING.
 20109 | D:14     | 20109 ||| FLEEEEING.
 20110 | D:14     | 20110 ||| FLEEEEING.
 20111 | D:14     | 20111 ||| FLEEEEING.
 20112 | D:14     | 20112 ||| FLEEEEING.
 20113 | D:14     | 20113 ||| FLEEEEING.
 20114 | D:14     | 20114 ||| FLEEEEING.
 20115 | D:14     | 20115 ||| FLEEEEING.
 20116 | D:14     | 20116 ||| FLEEEEING.
 20117 | D:14     | 20117 ||| FLEEEEING.
 20118 | D:14     | 20118 ||| FLEEEEING.
 20119 | D:14     | 20119 ||| FLEEEEING.
 20120 | D:14     | 20120 ||| STAIRDANCE
 20151 | D:13     | 20151 ||| UPGRADING to +0 kite shield.
 20161 | D:13     | 20161 ||| DROPPING +0 buckler.
 20171 | D:14     | Received a gift from Okawaru
 20252 | D:14     | 20252 ||| INVOKING Heroism.
 20253 | D:14     | 20253 ||| INVOKING Finesse.
 20258 | D:14     | 20258 ||| SWAPPING to +0 hand axe of flaming.
 20263 | D:14     | 20263 ||| SWAPPING to +4 broad axe of Dias {heavy, rN+
                  | Int+4}.
 20421 | D:14     | 20421 ||| INVOKING Heroism.
 20424 | D:14     | 20424 ||| SWAPPING to +0 hand axe of flaming.
 20431 | D:14     | 20431 ||| SWAPPING to +4 broad axe of Dias {heavy, rN+
                  | Int+4}.
 20562 | D:14     | 20562 ||| Stepping ~*~*~tactically~*~*~ (hiding).
 20751 | D:14     | 20751 ||| Stepping ~*~*~tactically~*~*~ (stealth).
 20752 | D:14     | 20752 ||| Stepping ~*~*~tactically~*~*~ (stealth).
 20753 | D:14     | 20753 ||| Stepping ~*~*~tactically~*~*~ (stealth).
 20755 | D:14     | Reached skill level 9 in Shields
 21406 | D:14     | 21406 ||| INVOKING Heroism.
 21412 | D:14     | Identified the -1 pair of gloves "Solar" {rF+ Str+5 SInv}
                  | (Okawaru gifted it to you on level 14 of the Dungeon)
 21412 | D:14     | Received a gift from Okawaru
 21429 | D:14     | Reached skill level 10 in Shields
 21431 | D:14     | 21431 ||| INVOKING Heroism.
 21499 | D:14     | 21499 ||| UPGRADING to +4 plate armour.
 21509 | D:14     | 21509 ||| DROPPING +0 plate armour.
 21510 | D:14     | 21510 ||| UPGRADING to -1 pair of gloves "Solar" {rF+ Str+5
                  | SInv}.
 21520 | D:14     | 21520 ||| DROPPING +0 pair of gloves.
 21540 | D:15     | Entered Level 15 of the Dungeon
 21563 | D:15     | 21563 ||| Stepping ~*~*~tactically~*~*~ (hiding).
 21670 | D:15     | Identified the +8 chain mail "Timel" {rC+}
 21698 | D:15     | 21698 ||| INVOKING Heroism.
 21708 | D:15     | 21708 ||| READING 6 scrolls of teleportation.
 21711 | D:15     | 21711 ||| FLEEEEING.
 21772 | D:15     | 21772 ||| Stepping ~*~*~tactically~*~*~ (stealth).
 21778 | D:15     | 21778 ||| Stepping ~*~*~tactically~*~*~ (stealth).
 21780 | D:15     | 21780 ||| Stepping ~*~*~tactically~*~*~ (stealth).
 21781 | D:15     | 21781 ||| Stepping ~*~*~tactically~*~*~ (stealth).
 21782 | D:15     | 21782 ||| Stepping ~*~*~tactically~*~*~ (stealth).
 21784 | D:15     | 21784 ||| Stepping ~*~*~tactically~*~*~ (stealth).
 21882 | D:15     | Identified the +0 pair of boots "Fecsiuro" {+Blink rN+
                  | Str+4 Stlth-}
 21894 | D:15     | 21894 ||| INVOKING Heroism.
 21896 | D:15     | 21896 ||| Stepping ~*~*~tactically~*~*~ (stealth).
 21901 | D:15     | Reached skill level 11 in Shields
 21905 | D:15     | 21905 ||| Stepping ~*~*~tactically~*~*~ (stealth).
 21906 | D:15     | 21906 ||| Stepping ~*~*~tactically~*~*~ (stealth).
 21918 | D:15     | 21918 ||| READING scroll of enchant armour.
 21918 | D:15     | 21918 ||| ENCHANTING +0 pair of boots.
 21920 | D:15     | 21920 ||| Stepping ~*~*~tactically~*~*~ (stealth).
 21923 | D:15     | 21923 ||| Stepping ~*~*~tactically~*~*~ (hiding).
 21924 | D:15     | 21924 ||| Stepping ~*~*~tactically~*~*~ (stealth).
 21926 | D:15     | 21926 ||| Stepping ~*~*~tactically~*~*~ (hiding).
 21927 | D:15     | 21927 ||| Stepping ~*~*~tactically~*~*~ (hiding).
 21944 | D:15     | 21944 ||| Stepping ~*~*~tactically~*~*~ (stealth).
 21952 | D:15     | 21952 ||| Stepping ~*~*~tactically~*~*~ (hiding).
 21954 | D:15     | 21954 ||| INVOKING Heroism.
 21955 | D:15     | 21955 ||| Stepping ~*~*~tactically~*~*~ (hiding).
 21957 | D:15     | 21957 ||| Stepping ~*~*~tactically~*~*~ (hiding).
 21958 | D:15     | 21958 ||| Stepping ~*~*~tactically~*~*~ (hiding).
 22044 | D:15     | 22044 ||| INVOKING Heroism.
 22113 | D:15     | 22113 ||| FLEEEEING.
 22121 | D:15     | 22121 ||| STAIRDANCE
 22149 | D:14     | 22149 ||| UPGRADING to +8 chain mail "Timel" {rC+}.
 22159 | D:14     | 22159 ||| DROPPING +4 plate armour.
 22160 | D:14     | 22160 ||| UPGRADING to +0 pair of boots "Fecsiuro" {+Blink
                  | rN+ Str+4 Stlth-}.
 22170 | D:14     | 22170 ||| DROPPING +1 pair of boots.
 22193 | D:15     | Reached skill level 12 in Shields
 22424 | D:15     | 22424 ||| Stepping ~*~*~tactically~*~*~ (stealth).
 22426 | D:15     | 22426 ||| Stepping ~*~*~tactically~*~*~ (hiding).
 22537 | D:15     | 22537 ||| INVOKING Heroism.
 22544 | D:15     | Received a gift from Okawaru
 22555 | D:15     | 22555 ||| Stepping ~*~*~tactically~*~*~ (stealth).
 22558 | D:15     | 22558 ||| Stepping ~*~*~tactically~*~*~ (stealth).
 22569 | D:15     | 22569 ||| Stepping ~*~*~tactically~*~*~ (hiding).
 22570 | D:15     | 22570 ||| Stepping ~*~*~tactically~*~*~ (hiding).
 22574 | D:15     | Reached XP level 16. HP: 101/101 MP: 23/23
 22574 | D:15     | 22574 ||| Stepping ~*~*~tactically~*~*~ (hiding).
 22575 | D:15     | 22575 ||| Stepping ~*~*~tactically~*~*~ (hiding).
 22594 | D:15     | 22594 ||| Stepping ~*~*~tactically~*~*~ (stealth).
 22644 | D:15     | 22644 ||| Stepping ~*~*~tactically~*~*~ (stealth).
 22646 | D:15     | Found a staircase to the Depths.
 22652 | D:15     | Reached skill level 13 in Shields
 22723 | D:15     | 22723 ||| PLANNING ORC
 22814 | Orc:1    | Entered Level 1 of the Orcish Mines
 22818 | Orc:1    | 22818 ||| INVOKING Heroism.
 22957 | Orc:2    | Entered Level 2 of the Orcish Mines
 22970 | Orc:2    | 22970 ||| Stepping ~*~*~tactically~*~*~ (stealth).
 22971 | Orc:2    | 22971 ||| Stepping ~*~*~tactically~*~*~ (stealth).
 22972 | Orc:2    | 22972 ||| Stepping ~*~*~tactically~*~*~ (hiding).
 22974 | Orc:2    | 22974 ||| Stepping ~*~*~tactically~*~*~ (hiding).
 22975 | Orc:2    | 22975 ||| Stepping ~*~*~tactically~*~*~ (hiding).
 22976 | Orc:2    | 22976 ||| Stepping ~*~*~tactically~*~*~ (hiding).
 22977 | Orc:2    | 22977 ||| Stepping ~*~*~tactically~*~*~ (hiding).
 22978 | Orc:2    | 22978 ||| Stepping ~*~*~tactically~*~*~ (hiding).
 22979 | Orc:2    | 22979 ||| Stepping ~*~*~tactically~*~*~ (hiding).
 22983 | Orc:2    | 22983 ||| INVOKING Heroism.
 23002 | Orc:2    | 23002 ||| Stepping ~*~*~tactically~*~*~ (hiding).
 23004 | Orc:2    | 23004 ||| Stepping ~*~*~tactically~*~*~ (hiding).
 23005 | Orc:2    | 23005 ||| Stepping ~*~*~tactically~*~*~ (hiding).
 23008 | Orc:2    | 23008 ||| Stepping ~*~*~tactically~*~*~ (hiding).
 23062 | Orc:2    | 23062 ||| Stepping ~*~*~tactically~*~*~ (stealth).
 23063 | Orc:2    | 23063 ||| Stepping ~*~*~tactically~*~*~ (stealth).
 23067 | Orc:2    | 23067 ||| Stepping ~*~*~tactically~*~*~ (stealth).
 23068 | Orc:2    | 23068 ||| Stepping ~*~*~tactically~*~*~ (stealth).
 23069 | Orc:2    | 23069 ||| Stepping ~*~*~tactically~*~*~ (stealth).
 23070 | Orc:2    | 23070 ||| Stepping ~*~*~tactically~*~*~ (hiding).
 23111 | Orc:2    | 23111 ||| INVOKING Heroism.
 23129 | Orc:2    | 23129 ||| Stepping ~*~*~tactically~*~*~ (stealth).
 23131 | Orc:2    | 23131 ||| Stepping ~*~*~tactically~*~*~ (hiding).
 23132 | Orc:2    | 23132 ||| Stepping ~*~*~tactically~*~*~ (hiding).
 23133 | Orc:2    | 23133 ||| Stepping ~*~*~tactically~*~*~ (hiding).
 23157 | Orc:2    | 23157 ||| Stepping ~*~*~tactically~*~*~ (stealth).
 23161 | Orc:2    | 23161 ||| Stepping ~*~*~tactically~*~*~ (hiding).
 23175 | Orc:2    | 23175 ||| INVOKING Heroism.
 23186 | Orc:2    | Received a gift from Okawaru
 23189 | Orc:2    | 23189 ||| Stepping ~*~*~tactically~*~*~ (hiding).
 23202 | Orc:2    | 23202 ||| Stepping ~*~*~tactically~*~*~ (hiding).
 23208 | Orc:2    | 23208 ||| INVOKING Heroism.
 23228 | Orc:2    | 23228 ||| Stepping ~*~*~tactically~*~*~ (hiding).
 23229 | Orc:2    | 23229 ||| Stepping ~*~*~tactically~*~*~ (hiding).
 23239 | Orc:2    | 23239 ||| Stepping ~*~*~tactically~*~*~ (stealth).
 23241 | Orc:2    | 23241 ||| INVOKING Heroism.
 23259 | Orc:2    | Found Zeomuna's Jewellery Emporium.
 23259 | Orc:2    | Found Pistetuo's Jewellery Shop.
 23261 | Orc:2    | Found Lozeirgh's Antique Armour Emporium.
 23261 | Orc:2    | Found Simeynin's General Store.
 23268 | Orc:2    | 23268 ||| BUYING +4 ring of slaying (1092 gold).
 23268 | Orc:2    | Bought a +4 ring of slaying for 1092 gold pieces
 23268 | Orc:2    | 23268 ||| BUYING +5 ring of evasion (504 gold).
 23268 | Orc:2    | Bought a +5 ring of evasion for 504 gold pieces
 23272 | Orc:2    | 23272 ||| BUYING scroll of identify (32 gold).
 23272 | Orc:2    | Bought a scroll of identify for 32 gold pieces
 23274 | Orc:2    | 23274 ||| BUYING amulet of reflection (450 gold).
 23274 | Orc:2    | Bought an amulet of reflection for 450 gold pieces
 23274 | Orc:2    | 23274 ||| BUYING ring of ice (375 gold).
 23274 | Orc:2    | Bought a ring of ice for 375 gold pieces
 23325 | Orc:2    | 23325 ||| DROPPING amulet of regeneration.
 23326 | Orc:2    | 23326 ||| UPGRADING to +4 ring of slaying {mikee}.
 23328 | Orc:2    | 23328 ||| UPGRADING to +5 ring of evasion.
 23330 | Orc:2    | 23330 ||| DROPPING +6 ring of strength.
 23331 | Orc:2    | 23331 ||| DROPPING +4 ring of slaying {mikee}.
 23338 | Orc:2    | 23338 ||| INVOKING Heroism.
 23424 | Orc:1    | 23424 ||| INVOKING Heroism.
 23426 | Orc:1    | 23426 ||| DRINKING 5 potions of curing.
 23426 | Orc:1    | 23426 ||| (to cure confusion)
 23443 | Orc:1    | Found Nocroun's Distillery.
 23505 | Orc:1    | 23505 ||| BUYING 2 potions of heal wounds (140 gold).
 23505 | Orc:1    | Bought 2 potions of heal wounds for 140 gold pieces
 23505 | Orc:1    | 23505 ||| BUYING potion of curing (42 gold).
 23505 | Orc:1    | Bought a potion of curing for 42 gold pieces
 23505 | Orc:1    | 23505 ||| BUYING potion of curing (42 gold).
 23505 | Orc:1    | Bought a potion of curing for 42 gold pieces
 23505 | Orc:1    | 23505 ||| BUYING potion of curing (42 gold).
 23505 | Orc:1    | Bought a potion of curing for 42 gold pieces
 23505 | Orc:1    | 23505 ||| BUYING potion of heal wounds (70 gold).
 23505 | Orc:1    | Bought a potion of heal wounds for 70 gold pieces
 23505 | Orc:1    | 23505 ||| BUYING potion of heal wounds (70 gold).
 23505 | Orc:1    | Bought a potion of heal wounds for 70 gold pieces
 23505 | Orc:1    | 23505 ||| BUYING potion of resistance (140 gold).
 23505 | Orc:1    | Bought a potion of resistance for 140 gold pieces
 23737 | Orc:2    | 23737 ||| Stepping ~*~*~tactically~*~*~ (hiding).
 23738 | Orc:2    | 23738 ||| Stepping ~*~*~tactically~*~*~ (hiding).
 23745 | Orc:2    | 23745 ||| Stepping ~*~*~tactically~*~*~ (hiding).
 23746 | Orc:2    | 23746 ||| Stepping ~*~*~tactically~*~*~ (hiding).
 23845 | Orc:2    | Found a runed translucent door.
 23846 | Orc:2    | Noticed qw's ghost (journeyman GrFi)
 23847 | Orc:2    | 23847 ||| Stepping ~*~*~tactically~*~*~ (stealth).
 23887 | Orc:2    | Found a staircase to the Elven Halls.
 23900 | Orc:2    | 23900 ||| Stepping ~*~*~tactically~*~*~ (stealth).
 23903 | Orc:2    | 23903 ||| Stepping ~*~*~tactically~*~*~ (hiding).
 23904 | Orc:2    | 23904 ||| INVOKING Heroism.
 24135 | Orc:2    | 24135 ||| Stepping ~*~*~tactically~*~*~ (stealth).
 24223 | Orc:2    | Found Lorunka's Armour Emporium.
 24322 | Orc:2    | 24322 ||| PLANNING SNAKE:1-3
 24481 | Snake:1  | Entered Level 1 of the Snake Pit
 24590 | Snake:1  | Received a gift from Okawaru
 24762 | Snake:1  | 24762 ||| FLEEEEING.
 24763 | Snake:1  | 24763 ||| FLEEEEING.
 24766 | Snake:1  | 24766 ||| FLEEEEING.
 24767 | Snake:1  | 24767 ||| FLEEEEING.
 24937 | Snake:1  | Identified the +1 robe of the Crushed Beggars {rElec rPois
                  | Str-5 Archmagi} (Okawaru gifted it to you on level 1 of the
                  | Snake Pit)
 24937 | Snake:1  | Received a gift from Okawaru
 25133 | Snake:1  | 25133 ||| Stepping ~*~*~tactically~*~*~ (hiding).
 25834 | Snake:2  | 25834 ||| INVOKING Heroism.
 26160 | Snake:2  | 26160 ||| Stepping ~*~*~tactically~*~*~ (hiding).
 26205 | Snake:2  | 26205 ||| Stepping ~*~*~tactically~*~*~ (stealth).
 26230 | Snake:2  | 26230 ||| Stepping ~*~*~tactically~*~*~ (stealth).
 26320 | Snake:2  | 26320 ||| Stepping ~*~*~tactically~*~*~ (hiding).
 26441 | Snake:2  | 26441 ||| Stepping ~*~*~tactically~*~*~ (hiding).
 26449 | Snake:2  | 26449 ||| Stepping ~*~*~tactically~*~*~ (hiding).
 26479 | Snake:2  | 26479 ||| Stepping ~*~*~tactically~*~*~ (hiding).
 26480 | Snake:2  | 26480 ||| Stepping ~*~*~tactically~*~*~ (hiding).
 26483 | Snake:2  | 26483 ||| Stepping ~*~*~tactically~*~*~ (hiding).
 26531 | Snake:2  | 26531 ||| Stepping ~*~*~tactically~*~*~ (hiding).
 26684 | Snake:2  | 26684 ||| Stepping ~*~*~tactically~*~*~ (hiding).
 26768 | Snake:2  | 26768 ||| INVOKING Heroism.
 26785 | Snake:2  | Received a gift from Okawaru
 26806 | Snake:2  | Found Mozis's Self-Improvement Boutique.
 27342 | Snake:3  | Found Olunoigg's Jewellery Emporium.
 27342 | Snake:3  | Found Ycruphen's Armour Shoppe.
 27347 | Snake:3  | Found Nitaes's Antique Weapon Emporium.
 27351 | Snake:3  | 27351 ||| SHOPLISTING ring "Keec" {rF+ rC+ rN+ Str+3
                  | Stlth+} (901 gold, have 681).
 27353 | Snake:3  | 27353 ||| SHOPLISTING +1 fire dragon scales "Todop" {rElec
                  | rF++ rC- Int+4} (961 gold, have 681).
 27399 | Snake:3  | 27399 ||| INVOKING Heroism.
 27404 | Snake:3  | Reached skill level 18 in Axes
 27404 | Snake:3  | Reached XP level 17. HP: 72/108 MP: 14/24
 27521 | Snake:3  | 27521 ||| Stepping ~*~*~tactically~*~*~ (stealth).
 27536 | Snake:3  | Found Onobexkua's Gadget Gallery.
 27552 | Snake:3  | 27552 ||| BUYING wand of digging (6) (352 gold).
 27552 | Snake:3  | Bought a wand of digging (6) for 352 gold pieces
 27561 | Snake:3  | Noticed Aizul
 27562 | Snake:3  | 27562 ||| INVOKING Heroism.
 27563 | Snake:3  | 27563 ||| INVOKING Finesse.
 27577 | Snake:3  | Killed Aizul
 27623 | Snake:3  | 27623 ||| Stepping ~*~*~tactically~*~*~ (stealth).
 27629 | Snake:3  | Received a gift from Okawaru
 27734 | Snake:3  | 27734 ||| INVOKING Heroism.
 27756 | Snake:3  | 27756 ||| Stepping ~*~*~tactically~*~*~ (hiding).
 27759 | Snake:3  | 27759 ||| Stepping ~*~*~tactically~*~*~ (hiding).
 27761 | Snake:3  | 27761 ||| Stepping ~*~*~tactically~*~*~ (hiding).
 27762 | Snake:3  | 27762 ||| Stepping ~*~*~tactically~*~*~ (hiding).
 27764 | Snake:3  | 27764 ||| Stepping ~*~*~tactically~*~*~ (hiding).
 27765 | Snake:3  | 27765 ||| Stepping ~*~*~tactically~*~*~ (hiding).
 28017 | Snake:3  | 28017 ||| INVOKING Heroism.
 28303 | Snake:3  | 28303 ||| PLANNING SWAMP:1-3
 28303 | Snake:3  | 28303 ||| UPGRADING to +0 kite shield of protection.
 28313 | Snake:3  | 28313 ||| DROPPING +0 kite shield.
 28488 | Swamp:1  | Entered Level 1 of the Swamp
 28495 | Swamp:1  | Received a gift from Okawaru
 28519 | Swamp:1  | 28519 ||| INVOKING Heroism.
 28525 | Swamp:1  | 28525 ||| SWAPPING to +0 hand axe of flaming.
 28529 | Swamp:1  | 28529 ||| SWAPPING to +4 broad axe of Dias {heavy, rN+
                  | Int+4}.
 28537 | Swamp:1  | Reached skill level 14 in Shields
 28544 | Swamp:1  | 28544 ||| Stepping ~*~*~tactically~*~*~ (cloud).
 28582 | Swamp:1  | 28582 ||| INVOKING Heroism.
 28606 | Swamp:1  | 28606 ||| Stepping ~*~*~tactically~*~*~ (stealth).
 28624 | Swamp:1  | 28624 ||| INVOKING Heroism.
 28631 | Swamp:1  | 28631 ||| SWAPPING to +0 hand axe of flaming.
 28647 | Swamp:1  | 28647 ||| Stepping ~*~*~tactically~*~*~ (hiding).
 28648 | Swamp:1  | 28648 ||| SWAPPING to +4 broad axe of Dias {heavy, rN+
                  | Int+4}.
 28652 | Swamp:1  | 28652 ||| SWAPPING to +0 hand axe of flaming.
 28662 | Swamp:1  | 28662 ||| SWAPPING to +4 broad axe of Dias {heavy, rN+
                  | Int+4}.
 28994 | Swamp:1  | Found a runed translucent gate.
 28994 | Swamp:1  | Noticed qw's ghost (adept GrFi)
 28995 | Swamp:1  | Found a runed translucent gate.
 28996 | Swamp:1  | Found a runed translucent gate.
 29151 | Swamp:1  | 29151 ||| DROPPING +1 cloak.
 29152 | Swamp:1  | 29152 ||| DROPPING ring of ice.
 29171 | Swamp:2  | 29171 ||| Stepping ~*~*~tactically~*~*~ (hiding).
 29173 | Swamp:2  | 29173 ||| Stepping ~*~*~tactically~*~*~ (hiding).
 29245 | Swamp:2  | 29245 ||| Stepping ~*~*~tactically~*~*~ (hiding).
 29255 | Swamp:2  | 29255 ||| Stepping ~*~*~tactically~*~*~ (hiding).
 29403 | Swamp:2  | 29403 ||| INVOKING Heroism.
 29406 | Swamp:2  | 29406 ||| SWAPPING to +0 hand axe of flaming.
 29413 | Swamp:2  | 29413 ||| SWAPPING to +4 broad axe of Dias {heavy, rN+
                  | Int+4}.
 29512 | Swamp:2  | 29512 ||| INVOKING Heroism.
 29513 | Swamp:2  | 29513 ||| SWAPPING to +0 hand axe of flaming.
 29523 | Swamp:2  | 29523 ||| SWAPPING to +4 broad axe of Dias {heavy, rN+
                  | Int+4}.
 29525 | Swamp:2  | 29525 ||| Stepping ~*~*~tactically~*~*~ (stealth).
 29531 | Swamp:2  | 29531 ||| Stepping ~*~*~tactically~*~*~ (hiding).
 29549 | Swamp:2  | 29549 ||| Stepping ~*~*~tactically~*~*~ (hiding).
 29591 | Swamp:2  | Received a gift from Okawaru
 29708 | Swamp:2  | Reached skill level 15 in Fighting
 29872 | Swamp:2  | 29872 ||| INVOKING Heroism.
 29873 | Swamp:2  | 29873 ||| SWAPPING to +0 hand axe of flaming.
 29882 | Swamp:2  | 29882 ||| SWAPPING to +4 broad axe of Dias {heavy, rN+
                  | Int+4}.
 29991 | Swamp:3  | 29991 ||| STAIRDANCE
 30086 | Swamp:3  | 30086 ||| Stepping ~*~*~tactically~*~*~ (stealth).
 30092 | Swamp:3  | 30092 ||| INVOKING Heroism.
 30094 | Swamp:3  | Received a gift from Okawaru
 30335 | Swamp:3  | 30335 ||| Stepping ~*~*~tactically~*~*~ (stealth).
 30336 | Swamp:3  | 30336 ||| Stepping ~*~*~tactically~*~*~ (stealth).
 30375 | Swamp:3  | 30375 ||| Stepping ~*~*~tactically~*~*~ (hiding).
 30381 | Swamp:3  | Identified the +0 scale mail of the Trees {Rampage rF+
                  | Int-4 Dex+3} (Okawaru gifted it to you on level 3 of the
                  | Swamp)
 30381 | Swamp:3  | Received a gift from Okawaru
 30382 | Swamp:3  | 30382 ||| Stepping ~*~*~tactically~*~*~ (hiding).
 30385 | Swamp:3  | 30385 ||| INVOKING Heroism.
 30451 | Swamp:3  | 30451 ||| INVOKING Heroism.
 30458 | Swamp:3  | Reached skill level 6 in Dodging
 30463 | Swamp:3  | 30463 ||| SWAPPING to +0 hand axe of flaming.
 30468 | Swamp:3  | HP: 27/113 [spriggan druid/stone arrow (34)]
 30469 | Swamp:3  | 30469 ||| READING 8 scrolls of teleportation.
 30470 | Swamp:3  | 30470 ||| DRINKING 11 potions of heal wounds.
 30475 | Swamp:3  | 30475 ||| SWAPPING to +4 broad axe of Dias {heavy, rN+
                  | Int+4}.
 30594 | Swamp:3  | 30594 ||| INVOKING Heroism.
 30696 | Swamp:3  | 30696 ||| Stepping ~*~*~tactically~*~*~ (hiding).
 30755 | Swamp:3  | 30755 ||| Stepping ~*~*~tactically~*~*~ (stealth).
 30756 | Swamp:3  | 30756 ||| Stepping ~*~*~tactically~*~*~ (stealth).
 30773 | Swamp:3  | 30773 ||| Stepping ~*~*~tactically~*~*~ (hiding).
 30774 | Swamp:3  | 30774 ||| INVOKING Heroism.
 30876 | Swamp:3  | 30876 ||| Stepping ~*~*~tactically~*~*~ (stealth).
 30878 | Swamp:3  | 30878 ||| Stepping ~*~*~tactically~*~*~ (hiding).
 30881 | Swamp:3  | 30881 ||| INVOKING Heroism.
 30898 | Swamp:3  | Identified the +0 leather armour of the Engineer {rElec
                  | rPois Int+8 Dex-5}
 31110 | Swamp:3  | 31110 ||| PLANNING SNAKE:4
 31110 | Swamp:3  | 31110 ||| READING 18 scrolls of identify.
 31110 | Swamp:3  | 31110 ||| IDENTIFYING brown potion
 31111 | Swamp:3  | 31111 ||| DROPPING potion of berserk rage.
 31317 | Snake:4  | Entered Level 4 of the Snake Pit
 31433 | Snake:4  | 31433 ||| INVOKING Heroism.
 31437 | Snake:4  | Reached XP level 18. HP: 101/119 MP: 22/25
 31478 | Snake:4  | 31478 ||| Stepping ~*~*~tactically~*~*~ (stealth).
 31483 | Snake:4  | 31483 ||| Stepping ~*~*~tactically~*~*~ (hiding).
 31559 | Snake:4  | 31559 ||| DROPPING +0 hand axe of flaming.
 31571 | Snake:4  | 31571 ||| Stepping ~*~*~tactically~*~*~ (stealth).
 31632 | Snake:4  | 31632 ||| INVOKING Heroism.
 31649 | Snake:4  | Reached skill level 9 in Throwing
 31680 | Snake:4  | 31680 ||| INVOKING Heroism.
 31689 | Snake:4  | Reached skill level 15 in Shields
 31697 | Snake:4  | Received a gift from Okawaru
 31707 | Snake:4  | Received a gift from Okawaru
 31808 | Snake:4  | Got a serpentine rune of Zot
 31821 | Snake:4  | 31821 ||| Stepping ~*~*~tactically~*~*~ (stealth).
 31872 | Snake:4  | Found a transporter.
 31894 | Snake:4  | Found a transporter.
 31910 | Snake:4  | Found the +3 greatsling "Punk" {acid, rCorr}
 31961 | Snake:4  | 31961 ||| Stepping ~*~*~tactically~*~*~ (hiding).
 31962 | Snake:4  | 31962 ||| Stepping ~*~*~tactically~*~*~ (hiding).
 32010 | Snake:4  | 32010 ||| INVOKING Heroism.
 32022 | Snake:4  | Received a gift from Okawaru
 32089 | Snake:4  | 32089 ||| INVOKING Heroism.
 32162 | Snake:4  | Noticed Mara
 32163 | Snake:4  | 32163 ||| INVOKING Heroism.
 32164 | Snake:4  | 32164 ||| INVOKING Finesse.
 32177 | Snake:4  | Killed Mara
 32177 | Snake:4  | Received a gift from Okawaru
 32243 | Snake:4  | Found a one-way gate to the infinite horrors of the Abyss.
 32307 | Snake:4  | Found Zien's Book Shoppe.
 32361 | Snake:4  | 32361 ||| PLANNING VAULTS:1-4
 32361 | Snake:4  | 32361 ||| UPGRADING to +1 tower shield of protection.
 32371 | Snake:4  | 32371 ||| DROPPING +0 kite shield of protection.
 32372 | Snake:4  | 32372 ||| DROPPING scarf of repulsion.
 32633 | Vaults:1 | Entered Level 1 of the Vaults
 32637 | Vaults:1 | 32637 ||| Stepping ~*~*~tactically~*~*~ (stealth).
 32638 | Vaults:1 | 32638 ||| Stepping ~*~*~tactically~*~*~ (stealth).
 32639 | Vaults:1 | 32639 ||| Stepping ~*~*~tactically~*~*~ (stealth).
 32646 | Vaults:1 | 32646 ||| Stepping ~*~*~tactically~*~*~ (hiding).
 32647 | Vaults:1 | 32647 ||| Stepping ~*~*~tactically~*~*~ (hiding).
 32778 | Vaults:1 | 32778 ||| Stepping ~*~*~tactically~*~*~ (stealth).
 32780 | Vaults:1 | 32780 ||| Stepping ~*~*~tactically~*~*~ (hiding).
 32784 | Vaults:1 | 32784 ||| Stepping ~*~*~tactically~*~*~ (hiding).
 32876 | Vaults:1 | 32876 ||| Stepping ~*~*~tactically~*~*~ (hiding).
 32877 | Vaults:1 | 32877 ||| Stepping ~*~*~tactically~*~*~ (hiding).
 32964 | Vaults:1 | Received a gift from Okawaru
 33019 | Vaults:1 | 33019 ||| FLEEEEING.
 33020 | Vaults:1 | 33020 ||| FLEEEEING.
 33027 | Vaults:1 | 33027 ||| Stepping ~*~*~tactically~*~*~ (hiding).
 33101 | Vaults:1 | Reached ****** piety under Okawaru
 33102 | Vaults:1 | Reached skill level 16 in Shields
 33150 | Vaults:1 | 33150 ||| Stepping ~*~*~tactically~*~*~ (hiding).
 33153 | Vaults:1 | 33153 ||| Stepping ~*~*~tactically~*~*~ (hiding).
 33156 | Vaults:1 | Paralysed by a great orb of eyes for 4 turns
 33307 | Vaults:1 | Received a gift from Okawaru
 33311 | Vaults:1 | 33311 ||| Stepping ~*~*~tactically~*~*~ (stealth).
 33417 | Vaults:1 | 33417 ||| Stepping ~*~*~tactically~*~*~ (stealth).
 33418 | Vaults:1 | 33418 ||| Stepping ~*~*~tactically~*~*~ (stealth).
 33458 | Vaults:1 | Received a gift from Okawaru
 33460 | Vaults:1 | 33460 ||| INVOKING Heroism.
 33465 | Vaults:1 | Received a gift from Okawaru
 33470 | Vaults:1 | Reached XP level 19. HP: 84/125 MP: 26/26
 33483 | Vaults:1 | Reached skill level 17 in Shields
 33822 | Vaults:1 | 33822 ||| Stepping ~*~*~tactically~*~*~ (stealth).
 33826 | Vaults:1 | 33826 ||| Stepping ~*~*~tactically~*~*~ (stealth).
 34002 | Vaults:1 | 34002 ||| DROPPING +2 plate armour of willpower.
 34003 | Vaults:1 | 34003 ||| DROPPING +6 ring of intelligence.
 34004 | Vaults:1 | 34004 ||| DROPPING ring of ice.
 34112 | Vaults:2 | Received a gift from Okawaru
 34121 | Vaults:2 | 34121 ||| INVOKING Heroism.
 34414 | Vaults:2 | 34414 ||| FLEEEEING.
 34415 | Vaults:2 | 34415 ||| FLEEEEING.
 34416 | Vaults:2 | 34416 ||| FLEEEEING.
 34417 | Vaults:2 | 34417 ||| FLEEEEING.
 34418 | Vaults:2 | 34418 ||| FLEEEEING.
 34425 | Vaults:2 | 34425 ||| FLEEEEING.
 34426 | Vaults:2 | 34426 ||| FLEEEEING.
 34427 | Vaults:2 | 34427 ||| FLEEEEING.
 34428 | Vaults:2 | 34428 ||| FLEEEEING.
 34429 | Vaults:2 | 34429 ||| FLEEEEING.
 34430 | Vaults:2 | 34430 ||| FLEEEEING.
 34431 | Vaults:2 | 34431 ||| FLEEEEING.
 34442 | Vaults:2 | 34442 ||| Stepping ~*~*~tactically~*~*~ (hiding).
 34445 | Vaults:2 | Received a gift from Okawaru
 34446 | Vaults:2 | Reached skill level 18 in Shields
 34449 | Vaults:2 | 34449 ||| INVOKING Heroism.
 34859 | Vaults:2 | 34859 ||| INVOKING Finesse.
 34986 | Vaults:2 | 34986 ||| INVOKING Heroism.
 34995 | Vaults:2 | Received a gift from Okawaru
 35177 | Vaults:2 | 35177 ||| Stepping ~*~*~tactically~*~*~ (hiding).
 35178 | Vaults:2 | 35178 ||| Stepping ~*~*~tactically~*~*~ (hiding).
 35180 | Vaults:2 | 35180 ||| Stepping ~*~*~tactically~*~*~ (hiding).
 35278 | Vaults:2 | Reached skill level 19 in Shields
 35325 | Vaults:2 | 35325 ||| Stepping ~*~*~tactically~*~*~ (hiding).
 35348 | Vaults:2 | 35348 ||| Stepping ~*~*~tactically~*~*~ (stealth).
 35350 | Vaults:2 | 35350 ||| Stepping ~*~*~tactically~*~*~ (stealth).
 35360 | Vaults:2 | 35360 ||| INVOKING Heroism.
 35559 | Vaults:2 | 35559 ||| Stepping ~*~*~tactically~*~*~ (hiding).
 35998 | Vaults:3 | 35998 ||| PLANNING DESOLATION
 35999 | Vaults:3 | 35999 ||| Stepping ~*~*~tactically~*~*~ (hiding).
 36016 | Vaults:3 | 36016 ||| INVOKING Heroism.
 36023 | Vaults:3 | 36023 ||| DRINKING 8 potions of curing.
 36023 | Vaults:3 | 36023 ||| (to cure confusion)
 36025 | Vaults:3 | Received a gift from Okawaru
 36246 | Vaults:3 | 36246 ||| Stepping ~*~*~tactically~*~*~ (stealth).
 36247 | Vaults:3 | 36247 ||| Stepping ~*~*~tactically~*~*~ (stealth).
 36270 | Vaults:3 | 36270 ||| INVOKING Heroism.
 36271 | Vaults:3 | 36271 ||| INVOKING Finesse.
 36323 | Vaults:3 | 36323 ||| Stepping ~*~*~tactically~*~*~ (stealth).
 36326 | Vaults:3 | 36326 ||| Stepping ~*~*~tactically~*~*~ (stealth).
 36616 | Vaults:3 | 36616 ||| RIP DESOLATION
 36624 | Vaults:3 | 36624 ||| PLANNING VAULTS:1-4
 36624 | Vaults:3 | 36624 ||| INVOKING Heroism.
 36739 | Vaults:3 | 36739 ||| INVOKING Heroism.
 36857 | Vaults:3 | Found a staircase to the Crypt.
 36930 | Vaults:3 | 36930 ||| INVOKING Heroism.
 36935 | Vaults:3 | Received a gift from Okawaru
 37140 | Vaults:3 | Found a white marble altar of Elyvilon.
 37140 | Vaults:3 | Found a glowing golden altar of the Shining One.
 37140 | Vaults:3 | Found a glowing silver altar of Zin.
 37203 | Vaults:3 | Reached XP level 20. HP: 134/134 MP: 27/27
 37210 | Vaults:3 | Received a gift from Okawaru
 37272 | Vaults:3 | 37272 ||| DROPPING +1 broad axe of electrocution.
 37566 | Vaults:3 | 37566 ||| Stepping ~*~*~tactically~*~*~ (hiding).
 37736 | Abyss:2  | Cast into level 2 of the Abyss (a wizard)
 37780 | Abyss:2  | 37780 ||| Stepping ~*~*~tactically~*~*~ (hiding).
 37786 | Abyss:2  | 37786 ||| Stepping ~*~*~tactically~*~*~ (stealth).
 37816 | Abyss:2  | 37816 ||| Stepping ~*~*~tactically~*~*~ (stealth).
 37817 | Abyss:2  | 37817 ||| Stepping ~*~*~tactically~*~*~ (stealth).
 37871 | Abyss:2  | 37871 ||| Stepping ~*~*~tactically~*~*~ (stealth).
 37903 | Abyss:2  | 37903 ||| Stepping ~*~*~tactically~*~*~ (stealth).
 37904 | Abyss:2  | 37904 ||| Stepping ~*~*~tactically~*~*~ (stealth).
 37905 | Abyss:2  | 37905 ||| Stepping ~*~*~tactically~*~*~ (stealth).
 37906 | Abyss:2  | 37906 ||| Stepping ~*~*~tactically~*~*~ (stealth).
 37965 | Abyss:2  | 37965 ||| Stepping ~*~*~tactically~*~*~ (stealth).
 38014 | Abyss:2  | 38014 ||| Stepping ~*~*~tactically~*~*~ (hiding).
 38059 | Abyss:2  | 38059 ||| Stepping ~*~*~tactically~*~*~ (stealth).
 38082 | Abyss:2  | 38082 ||| Stepping ~*~*~tactically~*~*~ (stealth).
 38087 | Abyss:2  | Found a corrupted altar of Lugonu.
 38088 | Abyss:2  | 38088 ||| Stepping ~*~*~tactically~*~*~ (stealth).
 38116 | Abyss:2  | 38116 ||| Stepping ~*~*~tactically~*~*~ (hiding).
 38124 | Abyss:2  | 38124 ||| Stepping ~*~*~tactically~*~*~ (stealth).
 38126 | Abyss:2  | 38126 ||| Stepping ~*~*~tactically~*~*~ (stealth).
 38129 | Abyss:2  | 38129 ||| Stepping ~*~*~tactically~*~*~ (stealth).
 38130 | Abyss:2  | 38130 ||| Stepping ~*~*~tactically~*~*~ (stealth).
 38134 | Abyss:2  | 38134 ||| Stepping ~*~*~tactically~*~*~ (stealth).
 38139 | Abyss:2  | 38139 ||| Stepping ~*~*~tactically~*~*~ (stealth).
 38140 | Abyss:2  | Found a corrupted altar of Lugonu.
 38144 | Abyss:2  | Gained mutation: You occasionally shout uncontrollably at
                  | your foes. [a neqoxec]
 38153 | Abyss:2  | 38153 ||| INVOKING Heroism.
 38195 | Abyss:2  | 38195 ||| INVOKING Heroism.
 38198 | Abyss:2  | 38198 ||| Stepping ~*~*~tactically~*~*~ (hiding).
 38199 | Abyss:2  | 38199 ||| Stepping ~*~*~tactically~*~*~ (hiding).
 38205 | Abyss:2  | Gained mutation: You are frail. (-10% HP) [a neqoxec]
 38213 | Abyss:2  | HP: 29/120 [starcursed mass/accursed screaming (6)]
 38214 | Abyss:2  | 38214 ||| READING 9 scrolls of teleportation.
 38215 | Abyss:2  | 38215 ||| DRINKING 11 potions of heal wounds.
 38220 | Abyss:2  | HP: 27/120 [starcursed mass/accursed screaming (6)]
 38221 | Abyss:2  | 38221 ||| DRINKING 10 potions of heal wounds.
 38272 | Abyss:2  | 38272 ||| INVOKING Heroism.
 38285 | Abyss:2  | 38285 ||| Stepping ~*~*~tactically~*~*~ (hiding).
 38291 | Abyss:2  | HP: 28/120 [starcursed mass/accursed screaming (6)]
 38292 | Abyss:2  | 38292 ||| READING 8 scrolls of teleportation.
 38293 | Abyss:2  | 38293 ||| DRINKING 9 potions of heal wounds.
 38334 | Abyss:2  | Noticed a hellephant
 38335 | Abyss:2  | 38335 ||| DRINKING 3 potions of resistance.
 38336 | Abyss:2  | 38336 ||| INVOKING Heroism.
 38346 | Abyss:2  | HP: 13/120 [hellephant/blast of flame (22)]
 38347 | Abyss:2  | 38347 ||| READING 7 scrolls of teleportation.
 38347 | Abyss:2  | HP: 3/120 [hellephant (11)]
 38347 | Abyss:2  | Slain by a hellephant

Levels and vault maps discovered:
D:1:      reono_arrival_forest_river, layout_loops_ring
D:2:      layout_basic, dreamdust_ecumenical_altar_statues
D:3:      layout_loops_corners, serial_shops, shop_statue, shop, shop, shop,
          nicolae_diamond_shop
D:4:      lemuel_castle_with_subvaults [lemuel_castle_interior_carwin_1],
          layout_rooms, kennysheep_mini_moat, minmay_temple_entry_slanted,
          small_statue_intersection, minmay_ruined_shrine,
          uniq_crazy_yiuf_cottage, uniq_eustachio
D:5:      layout_loops_cross, grunt_ministairs_1, minmay_misc_feat_five,
          minmay_misc_feat_iff, minmay_misc_feat_nine_boxes, uniq_blork_the_orc,
          uniq_duvessa, uniq_grinder, uniq_edmund, uniq_pikel
D:6:      layout_rooms, serial_shops, shop, shop, ebering_ghost_reflecting_pool
D:7:      kennysheep_six_static_rooms, layout_gridville,
          mainiacjoe_overflow_alcove_1, uniq_menkaure
D:8:      layout_cave_pods
D:9:      layout_layer_cave
D:10:     layout_long_grid, chequers_temple_overflow_minitemple, uniq_erica
D:11:     layout_loops_corners, grunt_lair_entry_orc_guard_hut, orc_david_3,
          serial_bayou_pond_e, grunt_gozag_statues, uniq_lodul
D:12:     layout_rooms, nicolae_transmutations_shop, minivault_10,
          nicolae_ru_sacrificial_ziggurat, uniq_snorg, uniq_jorgrun, uniq_nessos
D:13:     layout_basic, david_vaults_4, serial_bayou_crossing
D:14:     layout_layer_cave
D:15:     grunt_enter_depths_magical_seal, layout_rooms,
          amcnicky_mini_rare_corridor_liquid,
          portal_ice_cave_entry_horrid_things, minmay_orc_keep
Temple:   sentei_temple_godly_chess
Lair:1:   layout_long_grid
Lair:2:   nzn_winding_woodlands_small [nzn_winding_woodlands_5x15_pockets,
          nzn_winding_woodlands_center_garden,
          nzn_winding_woodlands_5x15_parted], layout_long_grid,
          gauntlet_entry_generic, infiniplex_staircase_pool,
          serial_bayou_shore_a, grunt_megastairs_2
Lair:3:   layout_regular_city, minmay_swamp_entry_worms, dummy_snake_entry
Lair:4:   layout_big_grid, grunt_megastairs_1, uniq_kirke
Lair:5:   evilmike_catoblepas_cave, layout_regular_city, slime_entry_2
Swamp:1:  layout_basic_swamp, ebering_ghost_rock_garden,
          evilmike_swamp_ruin_house_2
Swamp:2:  layout_basic_swamp, evilmike_swamp_ruin_house_1, swamp_pool3,
          grunt_hermit_hut
Swamp:3:  layout_basic_swamp, evilmike_swamp_ruin_house_4,
          nzn_swamp_stair_ambush, infiniplex_staircase_pool_2
Snake:1:  layout_chambers, lemuel_fruit_tree
Snake:2:  layout_chambers, nicolae_shop_self_help
Snake:3:  layout_onion, nicolae_snake_gridmaze_zigzag, nicolae_shop_gadgets,
          minmay_shop_star, uniq_aizul
Snake:4:  grunt_snake_rune_pools, layout_cave_town,
          gammafunk_ghost_abyssal_escape, serial_shops, shop, uniq_mara
Orc:1:    layout_caves, serial_shops, shop
Orc:2:    grunt_orc_tribal_feast, layout_caves, serial_shops,
          nicolae_shop_tiny_waterfront, ebering_ghost_inner_flame
Vaults:1: nicolae_vaults_turnstiles, nicolae_vaults_three_branches,
          hangedman_vaults_impose, nicolae_vaults_diagonal_hallway_6,
          nicolae_vaults_network_s, nicolae_vaults_sealed_display, v_misc_19,
          hangedman_vaults_corner_blocks, nicolae_vaults_door_testing_chamber,
          vaults_dpeg_emergency_exit, vaults_mumra_chevron, v_rooms_3,
          nicolae_vaults_house_1, layout_vaults_omnibox
Vaults:2: nicolae_vaults_hallways_thing, nicolae_vaults_octagons,
          nicolae_vaults_tangram_2, v_misc_10, hangedman_vaults_pinch,
          nicolae_vaults_offset_grid_hallway_3, v_misc_8,
          vaults_mumra_minichess_inversion, nicolae_vaults_twisting_passages,
          v_misc_27, vaults_room_grunt_arrival_ludios, ontoclasm_vaults_fault,
          nicolae_vaults_trapezoid_3, layout_vaults_ring
Vaults:3: portal_desolation_entry_holy_temple, blue_anna_dwarven_crypt,
          nicolae_vaults_tangram_2, nicolae_vaults_apartment_2,
          ontoclasm_vaults_twist, v_misc_13, ontoclasm_vaults_chip,
          nicolae_vaults_tetromino_T_1, v_misc_30, vaults_room_door_hall,
          nicolae_vaults_doubleplus_tesselated, nicolae_vaults_border_crossing,
          layout_vaults_omnicross, serial_shops, nicolae_shop_behind_doors
Abyss:2:  base: Lair:5, minivault_23, guppyfry_abyss_exit_imp_island,
          hangedman_abyss_overflow_altar

Skill      XL: |  1  2  3  4  5  6  7  8  9 10 11 12 13 14 15 16 17 18 19 20 |
---------------+-------------------------------------------------------------+-----
Axes           | 2 3 4 5 7 8 9 11 12 13 14 15 16 18 | 18.0
Dodging        | 1 2 3 4 5 6 7 |  7.0
Fighting       | 4 5 7 8 9 10 11 12 13 15 16 17 | 17.3
Armour         | 4 6 8 9 11 12 13 14 | 14.0
Throwing       | 3 4 6 7 8 9 10 | 10.0
Shields        | 4 5 6 7 12 13 14 16 19 | 19.4
Invocations    | 4 9 10 | 10.0

Action                     |  1- 3 |  4- 6 |  7- 9 | 10-12 | 13-15 | 16-18 | 19-21 || total
---------------------------+-------+-------+-------+-------+-------+-------+-------++-------
  Melee: War axe           |   131 |    77 |   267 |       |       |       |       ||   475
         Broad axe         |       |       |     8 |   371 |   549 |   803 |   430 ||  2161
         Hand axe          |       |       |       |       |    16 |    59 |       ||    75
  Throw: Boomerang         |       |       |    14 |    63 |    27 |       |       ||   104
         Javelin           |       |       |       |     7 |   218 |   127 |    71 ||   423
 Invoke: Heroism           |       |       |       |    13 |    40 |    34 |    13 ||   100
         Finesse           |       |       |       |     1 |    10 |     2 |     2 ||    15
  Evoke: Wand              |       |       |       |       |     2 |       |       ||     2
    Use: Scroll            |     7 |     7 |     4 |    10 |     6 |     2 |     3 ||    39
         Potion            |       |     1 |     2 |     3 |     4 |     2 |     5 ||    17
   Stab: Petrified         |       |       |       |       |     1 |       |       ||     1
         Petrifying        |       |       |       |       |       |     1 |       ||     1
         Distracted        |       |       |       |       |       |     1 |     2 ||     3
 Armour: Scale mail        |    77 |    56 |    95 |       |       |       |       ||   228
         Chain mail        |       |       |    51 |       |    17 |   503 |   174 ||   745
         Plate armour      |       |       |    47 |   440 |   413 |       |       ||   900
  Dodge: Dodged            |    57 |    53 |   180 |   232 |   212 |   604 |   168 ||  1506
  Block: Buckler           |    23 |    20 |    56 |   152 |   118 |       |       ||   369
         Kite shield       |       |       |       |       |    78 |   628 |       ||   706
         Tower shield      |       |       |       |       |       |    98 |   458 ||   556

Table legend:
 A = Non-vault XP
 B = Vault XP
 C = Vault XP percentage of total XP
 D = Non-vault monster count
 E = Vault monster count
 F = Vault count percentage of total count
                 A         B        C        D         E       F
            +---------+---------+-------+---------+---------+-------
      Total |  271034 |  150906 |  35.8 |     856 |     343 |  28.6
            +---------+---------+-------+---------+---------+-------
        D:1 |      37 |       0 |   0.0 |      21 |       0 |   0.0
        D:2 |      51 |       0 |   0.0 |      14 |       0 |   0.0
        D:3 |      28 |       0 |   0.0 |      15 |       0 |   0.0
        D:4 |     451 |    1280 |  73.9 |      22 |      64 |  74.4
        D:5 |     629 |    1224 |  66.1 |      14 |       9 |  39.1
        D:6 |    1035 |       0 |   0.0 |      18 |       0 |   0.0
        D:7 |    1764 |    1049 |  37.3 |      30 |       7 |  18.9
        D:8 |    1975 |       0 |   0.0 |      24 |       0 |   0.0
        D:9 |    2324 |       0 |   0.0 |      16 |       0 |   0.0
       D:10 |    1288 |     844 |  39.6 |      19 |       1 |   5.0
       D:11 |    3667 |    2863 |  43.8 |      18 |      18 |  50.0
       D:12 |    6747 |    3969 |  37.0 |      21 |       3 |  12.5
       D:13 |    8250 |    2738 |  24.9 |      28 |       5 |  15.2
       D:14 |   11990 |       0 |   0.0 |      26 |       0 |   0.0
       D:15 |   13462 |    6802 |  33.6 |      22 |      22 |  50.0
     Lair:1 |    7101 |       0 |   0.0 |      33 |       0 |   0.0
     Lair:2 |    5000 |    5485 |  52.3 |      22 |      16 |  42.1
     Lair:3 |    2979 |    2803 |  48.5 |      10 |       6 |  37.5
     Lair:4 |    5959 |     379 |   6.0 |      25 |       2 |   7.4
     Lair:5 |   11340 |   10975 |  49.2 |      36 |      23 |  39.0
    Swamp:1 |   13039 |       0 |   0.0 |      20 |       0 |   0.0
    Swamp:2 |   12953 |     814 |   5.9 |      22 |       1 |   4.3
    Swamp:3 |   13701 |    1913 |  12.3 |      21 |       3 |  12.5
    Snake:1 |   17036 |       0 |   0.0 |      38 |       0 |   0.0
    Snake:2 |   15361 |       0 |   0.0 |      35 |       0 |   0.0
    Snake:3 |   18425 |    1220 |   6.2 |      34 |       1 |   2.9
    Snake:4 |   15357 |   30800 |  66.7 |      32 |      38 |  54.3
      Orc:1 |    4072 |       0 |   0.0 |      34 |       0 |   0.0
      Orc:2 |    4607 |    7116 |  60.7 |      43 |      30 |  41.1
   Vaults:1 |   18766 |   18786 |  50.0 |      32 |      25 |  43.9
   Vaults:2 |   16523 |   27058 |  62.1 |      25 |      39 |  60.9
   Vaults:3 |   19066 |   18211 |  48.9 |      25 |      21 |  45.7
    Abyss:2 |   16051 |      87 |   0.5 |      61 |       1 |   1.6
   Gauntlet |       0 |    4490 | 100.0 |       0 |       8 | 100.0
            +---------+---------+-------+---------+---------+-------
